 Dungeon Crawl Stone Soup version 0.29.0-15-g675c0067aa (webtiles) character file.

Game seed: 14376349190114826484

302063 qw the Slayer (level 20, -3/304 HPs)
             Began as a Minotaur Berserker on Sept 11, 2022.
             Was a High Priest of Trog.
             Killed from afar by a nagaraja (10 damage)
             ... with a poison arrow
             ... on level 4 of the Snake Pit.
             The game lasted 00:17:35 (46564 turns).

qw the Slayer (Minotaur Berserker)                 Turns: 46564, Time: 00:17:36

Health: -3/304     AC: 35    Str: 41    XL:     20   Next: 54%
Magic:  5/5        EV: 18    Int:  5    God:    Trog [*****.]
Gold:   2178       SH: 27    Dex: 12    Spells: 19/19 levels left

rFire   + . .      SeeInvis .   l - +6 broad axe of Famine {antimagic, rPois rC- Str+7}
rCold   x . .      Faith    .   w - +1 tower shield {reflect}
rNeg    . . .      Spirit   .   E - +5 storm dragon scales {Bai Suzhen}
rPois   +          Reflect  +   (helmet unavailable)
rElec   +          Harm     .   b - +2 cloak {Will+}
rCorr   .          Rampage  .   z - +1 pair of gloves of Epluifats {Int+2}
Will    ++...                   t - +2 pair of boots
Stlth   ..........              d - amulet of reflection
HPRegen 0.60/turn               D - ring "Roithreal" {rF+ EV+4}
MPRegen 0.09/turn               (no ring)

@: berserking, lethally poisoned (-3 -> -21), marked, weakened, very quick
A: horns 3, retaliatory headbutt, thin skeletal structure 1, low MP 1, strong 1
}: 1/15 runes: decaying
a: Renounce Religion, Berserk, Trog's Hand, Brothers in Arms


You were on level 4 of the Snake Pit.
You worshipped Trog.
Trog was extremely pleased with you.
You visited 6 branches of the dungeon, and saw 34 of its levels.
You also visited: Sewer and Desolation.

You collected 5540 gold pieces.
You spent 3362 gold pieces at shops.


Innate Abilities, Weirdness & Mutations

You have a pair of large horns on your head.
You reflexively headbutt those who attack you in melee.
You have a somewhat thin skeletal structure. (Dex +2, Stealth+)
Your magical capacity is low. (-10% MP)
Your muscles are strong. (Str +4, Int/Dex -1)


   Skills:
 - Level 23.0 Fighting
 - Level 18.1 Axes
 - Level 12.0 Throwing
 + Level 20.3 Armour
 - Level 12.0 Dodging
 - Level 21.9 Shields


You had 19 spell levels left.
You didn't know any spells.
Your spell library was empty.

Inventory:

Hand Weapons
 l - the +6 broad axe of Famine (weapon) {antimagic, rPois rC- Str+7}
   (You acquired it on level 4 of the Snake Pit)

   It reduces the magical energy of the wielder, and disrupts the spells and
   magical abilities of those it strikes.
   Natural abilities and divine invocations are not affected.
   Str:       It affects your strength (+7).
   rC:        It makes you vulnerable to cold.
   rPois:     It protects you from poison.
Missiles
 r - 28 boomerangs
 y - 5 javelins (quivered)
Armour
 b - a +2 cloak of willpower (worn)
 h - a +8 plate armour of ponderousness
 k - the +0 pair of fencer's gloves {Riposte Dex+3}
   (You found it in the Desolation of Salt)

   It allows the wearer to riposte with melee weapons, swiftly retaliating
   against missed or blocked melee attacks.
   Dex:       It affects your dexterity (+3).
 t - a +2 pair of boots (worn)
 w - a +1 tower shield of reflection (worn)
 z - the +1 pair of gloves of Epluifats (worn) {Int+2}
   (You bought it in a shop on level 2 of the Orcish Mines)

   Int:       It affects your intelligence (+2).
 B - the +2 ring mail "Jumyt" {rF+++ rC+++ Str-5 Dex-2}
   (You found it on level 1 of the Snake Pit)

   Str:       It affects your strength (-5).
   Dex:       It affects your dexterity (-2).
   rF:        It renders you almost immune to fire.
   rC:        It renders you almost immune to cold.
 C - the +0 pair of gloves of the Lily {rElec rC+}
   (You bought it in a shop on level 3 of the Snake Pit)

   rC:        It protects you from cold.
   rElec:     It insulates you from electricity.
 E - +5 storm dragon scales (worn) {Bai Suzhen}
Jewellery
 d - an amulet of reflection (around neck)
 s - the ring of the Nurturing Gods {rCorr EV+4 Str+4 Int-5 Dex+10}
   (You found it in the Desolation of Salt)

   [ring of evasion]

   EV:        It affects your evasion (+4).
   Str:       It affects your strength (+4).
   Int:       It affects your intelligence (-5).
   Dex:       It affects your dexterity (+10).
   rCorr:     It protects you from acid and corrosion.
 A - a ring of poison resistance
 D - the ring "Roithreal" (left hand) {rF+ EV+4}
   (You acquired it on level 4 of the Swamp)

   [ring of evasion]

   EV:        It affects your evasion (+4).
   rF:        It protects you from fire.
Wands
 c - a wand of digging (6)
Scrolls
 m - a scroll of enchant weapon
 o - 12 scrolls of identify
 u - 5 scrolls of teleportation
Potions
 a - 12 potions of curing
 e - 5 potions of mutation
 f - 4 potions of haste
 g - 6 potions of might
 i - 4 potions of resistance
 j - a potion of heal wounds
 v - 2 potions of cancellation

Dungeon Overview and Level Annotations

Branches:
Dungeon (15/15)            Temple (0/1) D:5            Lair (5/5) D:9
  Swamp (4/4) Lair:3        Snake (4/4) Lair:3        Slime (0/5) Lair:4
    Orc (2/2) D:12            Elf (0/3) Orc:2        Vaults (4/5) D:13
  Crypt (0/3) Vaults:2     Depths (0/4) D:15          Sewer (visited)
Desolation (visited)

Altars:
Cheibriados
Dithmenos
Elyvilon
Gozag
Kikubaaqudgha
Nemelex Xobeh
Qazlal
Sif Muna
Uskayaw
Vehumet
Xom

Shops:
D:2 *   D:7 *   D:15 [   Orc:2 *:!*(   Snake:3 [[([   Snake:4 *:?   Vaults:2 (
Vaults:4 :(([

Annotations:
D:10 4 runed translucent doors
D:12 4 transporters
Lair:5 1 runed translucent door, qw's ghost, journeyman TrCA
Snake:3 1 runed translucent door, qw's ghost, adept MiBe
Orc:2 3 runed translucent doors, qw's ghost, journeyman MiFi


Message History

The salamander tyrant gazes fiercely through you!
You feel as though you will be weak longer.
The naga mage spits poison at you. The splash of poison misses you.
You slice the nagaraja!!
You feel the power of Trog in you as your rage grows.
You kill the nagaraja!
Trog accepts your kill.
Trog appreciates your killing of a magic user.
You slash the salamander tyrant!
The salamander tyrant's magic leaks into the air.
You feel very sick.
The naga ritualist no longer looks unusually strong.
The naga mage no longer looks unusually strong.
The naga sharpshooter no longer looks unusually strong.
The naga warrior spits poison at you.
Your +1 tower shield of reflection reflects the splash of poison!
The splash of poison hits the salamander tyrant.
The salamander tyrant is poisoned.
The salamander tyrant falters for a moment.
You completely miss the salamander tyrant.
You headbutt the salamander tyrant!
You kill the salamander tyrant!
Trog accepts your kill.
Trog appreciates your killing of a magic user.
You slash the salamander mystic!
The salamander mystic's magic leaks into the air.
You feel sick. You block the naga mage's attack.
The nagaraja points at you and mumbles some strange words.
Your +1 tower shield of reflection reflects the poison arrow!
The poison arrow hits the nagaraja!
The nagaraja partially resists.
The nagaraja is poisoned.
You block the naga warrior's attack. The naga warrior spits poison at you.
The splash of poison misses you.
A salamander comes into view.
The nagaraja gestures at you while chanting.
The poison arrow hits you!
You are more poisoned.
You partially resist.
You die...

#...####.............+
#...# ##..##........+
#...# #..##...######
#...# #..##...#######+
#...#
##..##...........
....#
.................
##..##''#########
#..#.))).....# #
##@N.##...#
#NN))%.......
#NNNNN......
[NNNSN........
...#.N#....N#... .N
#.........N.. .
N#........#..
.N###...}..N


You could see 3 nagarajas, 5 naga warriors, 3 naga sharpshooters, a salamander
tyrant (strong), a salamander mystic (magic disrupted), 2 salamanders, 2 naga
ritualists, a shock serpent and 2 naga magi.

Vanquished Creatures
  Bai Suzhen (Swamp:4)
  Jorgrun (Swamp:2)
  Kirke (Lair:3)
  Agnes (Snake:3)
  A shadow dragon (Vaults:4)
  A tengu reaver (Vaults:4)
  2 thorn hunters
  Roxanne (Swamp:2)
  3 nagarajas
  6 vault wardens
  Louise (D:15)
  4 imperial myrmidons (Desolation)
  13 ironbound preservers
  3 orc warlords
  4 very ugly things
  7 ironbound thunderhulks
  A stone giant (Vaults:2)
  Azrael (Snake:2)
  4 eleionomae
  13 dire elephants
  A minotaur (D:13)
  6 bunyips
  A halazid warlock (Desolation)
  An ettin (Vaults:4)
  3 crystal guardians
  2 shambling mangroves (Swamp:4)
  6 yaktaur captains
  10 ragged hierophants (Desolation)
  14 servants of whispers
  A quicksilver dragon skeleton (Vaults:2)
  3 great orbs of eyes
  17 hydras
  3 salamander tyrants (Snake:4)
  4 ghost crabs
  12 naga warriors
  7 ironbound frosthearts
  An ogre mage (D:15)
  14 anacondas
  14 centaur warriors
  A catoblepas (Lair:5)
  12 peacekeepers
  8 two-headed ogres
  7 alligators
  13 death yaks
  A deep troll shaman (Lair:5)
  5 orc high priests
  11 naga sharpshooters
  10 shock serpents
  A titan zombie (Vaults:4)
  Sonja (Lair:1)
  7 spriggans
  3 goliath frogs
  A bunyip zombie (Swamp:4)
  A storm dragon skeleton (Vaults:2)
  A salamander mystic (Snake:4)
  8 skeletal warriors (Vaults:2)
  2 orb spiders (shapeshifter)
  7 naga ritualists
  4 spriggan druids
  15 bog bodies
  7 orc knights
  34 deep trolls
  14 swamp dragons
  16 ironbound convokers
  6 wizards
  A lindwurm (shapeshifter) (D:15)
  15 lindwurms
  3 deep elf pyromancers
  11 mana vipers
  2 necromancers
  3 harpies (Vaults:1)
  3 orc sorcerers (Orc:2)
  12 salamanders
  16 ugly things
  A will-o-the-wisp (Swamp:2)
  5 cyclopes
  3 manticores
  30 black mambas
  8 guardian serpents
  A torpor snail (Lair:4)
  26 naga magi
  Maurice (D:10)
  11 vault sentinels
  6 elephants
  10 cane toads
  A torpor snail (shapeshifter) (D:13)
  2 gargoyles
  A stone giant skeleton (Vaults:4)
  3 kobold demonologists (D:12)
  Maggie (D:7)
  2 rime drakes
  17 yaktaurs
  A rime drake (shapeshifter) (D:15)
  An unseen horror (D:13)
  A tengu conjurer (D:13)
  5 komodo dragons
  5 tyrant leeches
  A bloated husk (Swamp:4)
  5 trolls
  2 polar bears
  9 hornets
  83 saltlings
  8 blink frogs
  29 slime creatures
  12 dream sheep (Lair:4)
  An ettin skeleton (Vaults:2)
  A spriggan (shapeshifter) (D:15)
  50 yaks
  3 wraiths
  7 hogs (Lair:3)
  3 basilisks
  Eustachio (D:4)
  2 wyverns
  A human (shapeshifter) (D:13)
  6 fire elementals (Snake:2)
  16 vampire mosquitoes
  An elf skeleton (Vaults:4)
  35 nagas
  3 wargs
  12 swamp worms
  2 hell hounds (Snake:2)
  9 water moccasins
  An acid dragon (D:9)
  12 swamp drakes
  28 orc warriors
  2 black bears (shapeshifter) (D:13)
  2 black bears
  An ice beast (D:5)
  2 sky beasts (D:6)
  9 ogres
  7 boggarts (Vaults:2)
  20 wolves
  14 centaurs
  8 human skeletons
  4 kobold brigands
  2 phantoms (D:12)
  15 bullfrogs
  3 gnoll sergeants
  2 scorpions
  12 wights
  3 troll zombies
  A swamp dragon simulacrum (Swamp:4)
  15 killer bees
  8 howler monkeys
  5 electric eels
  A jelly (D:8)
  26 orc priests
  6 hounds
  An iguana (D:7)
  29 orc wizards
  6 ogre zombies (D:12)
  10 gnolls
  11 adders
  A shadow imp (D:6)
  12 white imps (D:11)
  An ufetubus (D:6)
  A dart slug (D:1)
  68 orcs
  9 endoplasms
  7 giant cockroaches
  6 goblins
  6 hobgoblins
  7 jackals
  11 quokkas
  3 training dummies (Orc:2)
  14 ball pythons
  6 bats
  9 frilled lizards
  4 goblin skeletons (D:12)
  7 goblin zombies (D:12)
  2 hobgoblin skeletons (D:12)
  A hobgoblin zombie (D:12)
  18 kobolds
  3 orc skeletons (D:12)
  8 orc zombies (D:12)
  10 rats
1375 creatures vanquished.

Vanquished Creatures (collateral kills)
  Mennas (Vaults:3)
  Vashnia (Snake:2)
  2 hydras
  2 peacekeepers (Desolation)
  A tengu warrior (D:15)
  2 naga sharpshooters (Snake:2)
  A spriggan berserker (Swamp:4)
  2 swamp dragons (Swamp:4)
  An ironbound convoker (Vaults:2)
  3 saltlings (Desolation)
  A dream sheep (Lair:4)
  A swamp worm (Swamp:1)
  A naga (Snake:2)
  A swamp drake (Swamp:4)
20 creatures vanquished.

Vanquished Creatures (others)
  A naga warrior (Snake:1)
  A black mamba (Snake:2)
  2 bloated husks
  A swamp worm (Swamp:4)
  A naga (Snake:1)
  A boggart (Vaults:2)
  An alligator simulacrum (Swamp:4)
  A bush (Lair:5)
  4 foxfires (Swamp:2)
  9 fungi
  17 plants
39 creatures vanquished.

Grand Total: 1434 creatures vanquished

Notes
Turn   | Place    | Note
-------+----------+-------------------------------------------
     0 | D:1      | qw the Minotaur Berserker began the quest for the Orb.
     0 | D:1      | Reached XP level 1. HP: 19/19 MP: 0/0
     0 | D:1      | 0 ||| qw: Version: 0.1-a-119-g272c26d
     0 | D:1      | 0 ||| qw: Game counter: 10659
     0 | D:1      | 0 ||| qw: Always use a shield: true
     0 | D:1      | 0 ||| qw: Do Orc after D:15 true
     0 | D:1      | 0 ||| qw: Do second Lair branch before Depths: true
     0 | D:1      | 0 ||| qw: Lair rune preference: random
     0 | D:1      | 0 ||| qw: Plans: Normal
     0 | D:1      | 0 ||| PLANNING D:1-11
    50 | D:1      | 50 ||| Stepping ~*~*~tactically~*~*~ (stealth).
   216 | D:1      | Reached XP level 2. HP: 26/26 MP: 1/1
   234 | D:1      | 234 ||| SWAPPING to +1 hand axe of electrocution.
   235 | D:1      | 235 ||| DROPPING +0 hand axe.
   334 | D:1      | 334 ||| DROPPING +3 hand axe.
   365 | D:1      | 365 ||| Stepping ~*~*~tactically~*~*~ (hiding).
   370 | D:1      | 370 ||| Stepping ~*~*~tactically~*~*~ (hiding).
   612 | D:1      | 612 ||| DROPPING +0 club.
   732 | D:1      | 732 ||| UPGRADING to +0 chain mail.
   742 | D:1      | 742 ||| DROPPING +0 animal skin.
   743 | D:1      | 743 ||| READING scroll labelled ISKEETWIOSK.
   744 | D:1      | 744 ||| READING scroll labelled MEIMUT DYNK.
   977 | D:2      | Found an opulent altar of Gozag.
  1107 | D:2      | Reached XP level 3. HP: 31/31 MP: 2/2
  1201 | D:2      | Found Acsujev's Assorted Antiques.
  1209 | D:2      | 1209 ||| BUYING amethyst potion (20 gold).
  1209 | D:2      | Bought an amethyst potion for 20 gold pieces
  1209 | D:2      | 1209 ||| SHOPLISTING faintly glowing copper ring (115 gold,
                  | have 80).
  1209 | D:2      | 1209 ||| BUYING red potion (20 gold).
  1209 | D:2      | Bought a red potion for 20 gold pieces
  1209 | D:2      | 1209 ||| BUYING scroll labelled YLANTA USSU (23 gold).
  1209 | D:2      | Bought a scroll labelled YLANTA USSU for 23 gold pieces
  1209 | D:2      | 1209 ||| SHOPLISTING scroll of identify (46 gold, have 37).
  1634 | D:2      | 1634 ||| READING scroll labelled VODAENIRCHO.
  1635 | D:2      | 1635 ||| READING 2 scrolls labelled UCHOSIWAPN.
  1636 | D:2      | 1636 ||| READING scroll labelled YLANTA USSU.
  1641 | D:2      | 1641 ||| READING scroll labelled FUSMIFR KESER.
  1742 | D:2      | 1742 ||| READING scroll labelled VEMOB EKU UTUU.
  1743 | D:2      | 1743 ||| DRINKING 2 red potions.
  1743 | D:2      | Gained mutation: Your muscles are strong. (Str +4, Int/Dex
                  | -1) [potion of mutation]
  1743 | D:2      | Gained mutation: Your magical capacity is low. (-10% MP)
                  | [potion of mutation]
  1743 | D:2      | Gained mutation: You have hidden genetic potential. [potion
                  | of mutation]
  1744 | D:2      | 1744 ||| DRINKING 2 murky coppery potions.
  1745 | D:2      | 1745 ||| DROPPING potion of flight.
  1746 | D:2      | 1746 ||| DROPPING scroll of blinking.
  1780 | D:3      | 1780 ||| PLANNING SEWER
  1792 | D:3      | Found a glowing drain.
  1795 | D:3      | 1795 ||| Stepping ~*~*~tactically~*~*~ (stealth).
  1800 | D:3      | 1800 ||| Stepping ~*~*~tactically~*~*~ (stealth).
  1842 | D:3      | 1842 ||| READING 2 scrolls of identify.
  1842 | D:3      | 1842 ||| IDENTIFYING brown potion
  1843 | D:3      | 1843 ||| DROPPING potion of invisibility.
  1904 | D:3      | Reached XP level 4. HP: 34/39 MP: 2/2
  1945 | Sewer    | Entered a sewer
  1950 | Sewer    | Reached skill level 6 in Axes
  1983 | Sewer    | Gained mutation: You have a somewhat thin skeletal
                  | structure. (Dex +2, Stealth+) [hidden potential]
  2000 | Sewer    | Reached ** piety under Trog
  2058 | Sewer    | 2058 ||| Stepping ~*~*~tactically~*~*~ (water).
  2213 | Sewer    | 2213 ||| Stepping ~*~*~tactically~*~*~ (water).
  2272 | Sewer    | 2272 ||| Stepping ~*~*~tactically~*~*~ (water).
  2296 | Sewer    | 2296 ||| Stepping ~*~*~tactically~*~*~ (water).
  2331 | Sewer    | Noticed a bullfrog
  2332 | Sewer    | Noticed a bullfrog
  2335 | Sewer    | Reached XP level 5. HP: 38/45 MP: 3/3
  2339 | Sewer    | Reached skill level 4 in Fighting
  2341 | Sewer    | Reached XP level 6. HP: 39/55 MP: 4/4
  2365 | Sewer    | Gained mutation: You have a pair of large horns on your
                  | head. [hidden potential]
  2365 | Sewer    | Lost mutation: You have hidden genetic potential. [hidden
                  | potential expressed]
  2440 | Sewer    | 2440 ||| READING 2 scrolls of identify.
  2440 | Sewer    | 2440 ||| IDENTIFYING fuming puce potion
  2441 | Sewer    | 2441 ||| DROPPING potion of degeneration.
  2456 | D:3      | 2456 ||| PLANNING D:1-11
  2505 | D:3      | 2505 ||| Stepping ~*~*~tactically~*~*~ (stealth).
  2506 | D:3      | 2506 ||| Stepping ~*~*~tactically~*~*~ (stealth).
  2508 | D:3      | 2508 ||| Stepping ~*~*~tactically~*~*~ (stealth).
  2509 | D:3      | 2509 ||| Stepping ~*~*~tactically~*~*~ (stealth).
  2514 | D:3      | 2514 ||| Stepping ~*~*~tactically~*~*~ (stealth).
  2549 | D:3      | 2549 ||| Stepping ~*~*~tactically~*~*~ (stealth).
  2669 | D:3      | You fall into a shaft and drop 2 floors!
  2669 | D:5      | Entered Level 5 of the Dungeon
  2682 | D:5      | Noticed an ice beast
  2688 | D:5      | 2688 ||| INVOKING Berserk.
  2692 | D:5      | Killed an ice beast
  2865 | D:5      | Found a staircase to the Ecumenical Temple.
  2894 | D:5      | 2894 ||| INVOKING Berserk.
  2897 | D:5      | Reached skill level 9 in Axes
  2897 | D:5      | Reached XP level 7. HP: 60/60 MP: 5/5
  2898 | D:5      | Reached skill level 5 in Fighting
  2909 | D:5      | Reached skill level 3 in Armour
  3086 | D:5      | 3086 ||| READING scroll labelled TIAMAN UJOMEMA.
  3103 | D:4      | Reached *** piety under Trog
  3119 | D:4      | 3119 ||| Stepping ~*~*~tactically~*~*~ (stealth).
  3196 | D:4      | 3196 ||| Stepping ~*~*~tactically~*~*~ (hiding).
  3197 | D:4      | 3197 ||| FLEEEEING.
  3198 | D:4      | 3198 ||| Stepping ~*~*~tactically~*~*~ (hiding).
  3199 | D:4      | 3199 ||| Stepping ~*~*~tactically~*~*~ (hiding).
  3203 | D:4      | 3203 ||| FLEEEEING.
  3206 | D:4      | 3206 ||| FLEEEEING.
  3208 | D:4      | 3208 ||| FLEEEEING.
  3209 | D:4      | 3209 ||| FLEEEEING.
  3210 | D:4      | 3210 ||| FLEEEEING.
  3211 | D:4      | 3211 ||| STAIRDANCE
  3259 | D:3      | 3259 ||| Stepping ~*~*~tactically~*~*~ (stealth).
  3412 | D:3      | 3412 ||| Stepping ~*~*~tactically~*~*~ (hiding).
  3483 | D:3      | Found a shimmering blue altar of Sif Muna.
  3484 | D:3      | 3484 ||| READING 3 scrolls of identify.
  3484 | D:3      | 3484 ||| IDENTIFYING pink potion
  3485 | D:3      | 3485 ||| READING 2 scrolls of identify.
  3485 | D:3      | 3485 ||| IDENTIFYING viscous orange potion
  3486 | D:3      | 3486 ||| DROPPING potion of lignification.
  3487 | D:3      | 3487 ||| DROPPING potion of berserk rage.
  3533 | D:4      | 3533 ||| DROPPING +0 whip.
  3597 | D:4      | Noticed Eustachio
  3604 | D:4      | 3604 ||| INVOKING Berserk.
  3611 | D:4      | Killed Eustachio
  3959 | D:4      | 3959 ||| INVOKING Berserk.
  4192 | D:4      | 4192 ||| UPGRADING to +0 cloak.
  4197 | D:4      | 4197 ||| UPGRADING to +1 cloak of willpower.
  4207 | D:4      | 4207 ||| DROPPING +0 cloak.
  4208 | D:4      | 4208 ||| UPGRADING to +6 ring of strength.
  4209 | D:4      | 4209 ||| DROPPING ring of flight.
  4210 | D:4      | 4210 ||| READING 2 scrolls labelled UTHIAMN GEON.
  4211 | D:4      | 4211 ||| DRINKING 2 fuming amethyst potions.
  4212 | D:4      | 4212 ||| READING 2 scrolls of identify.
  4212 | D:4      | 4212 ||| IDENTIFYING golden potion
  4213 | D:4      | 4213 ||| DROPPING scroll of fear.
  4325 | D:5      | 4325 ||| Stepping ~*~*~tactically~*~*~ (stealth).
  4340 | D:5      | Reached skill level 6 in Fighting
  4340 | D:5      | Reached XP level 8. HP: 66/71 MP: 6/6
  4407 | D:5      | Found a radiant altar of Vehumet.
  4483 | D:5      | 4483 ||| INVOKING Berserk.
  4494 | D:5      | 4494 ||| FLEEEEING.
  4497 | D:5      | 4497 ||| FLEEEEING.
  4498 | D:5      | 4498 ||| FLEEEEING.
  4499 | D:5      | 4499 ||| FLEEEEING.
  4500 | D:5      | 4500 ||| FLEEEEING.
  4501 | D:5      | 4501 ||| FLEEEEING.
  4504 | D:5      | 4504 ||| FLEEEEING.
  4505 | D:5      | 4505 ||| FLEEEEING.
  4506 | D:5      | 4506 ||| FLEEEEING.
  4507 | D:5      | 4507 ||| STAIRDANCE
  4575 | D:4      | 4575 ||| READING scroll labelled VARARAOLEI.
  4576 | D:4      | 4576 ||| READING 2 scrolls of identify.
  4576 | D:4      | 4576 ||| IDENTIFYING dark potion
  4579 | D:5      | 4579 ||| STAIRDANCE
  4621 | D:5      | 4621 ||| Stepping ~*~*~tactically~*~*~ (stealth).
  4622 | D:5      | 4622 ||| Stepping ~*~*~tactically~*~*~ (stealth).
  4857 | D:6      | 4857 ||| INVOKING Berserk.
  4877 | D:6      | 4877 ||| FLEEEEING.
  5114 | D:6      | 5114 ||| Stepping ~*~*~tactically~*~*~ (hiding).
  5164 | D:6      | 5164 ||| Stepping ~*~*~tactically~*~*~ (stealth).
  5245 | D:6      | 5245 ||| INVOKING Berserk.
  5562 | D:6      | 5562 ||| Stepping ~*~*~tactically~*~*~ (stealth).
  5563 | D:6      | 5563 ||| Stepping ~*~*~tactically~*~*~ (stealth).
  5564 | D:6      | 5564 ||| Stepping ~*~*~tactically~*~*~ (stealth).
  5573 | D:6      | Reached skill level 12 in Axes
  5588 | D:6      | 5588 ||| UPGRADING to +0 tower shield.
  5593 | D:6      | 5593 ||| UPGRADING to ring of resist corrosion.
  5594 | D:6      | 5594 ||| READING 3 scrolls of identify.
  5594 | D:6      | 5594 ||| IDENTIFYING cyan potion
  5595 | D:6      | 5595 ||| READING 2 scrolls of identify.
  5595 | D:6      | 5595 ||| IDENTIFYING sedimented coppery potion
  5614 | D:7      | Found a white marble altar of Elyvilon.
  5633 | D:7      | 5633 ||| Stepping ~*~*~tactically~*~*~ (stealth).
  5647 | D:7      | Reached skill level 1 in Shields
  5671 | D:7      | 5671 ||| Stepping ~*~*~tactically~*~*~ (stealth).
  5673 | D:7      | 5673 ||| Stepping ~*~*~tactically~*~*~ (stealth).
  5675 | D:7      | 5675 ||| Stepping ~*~*~tactically~*~*~ (stealth).
  5676 | D:7      | 5676 ||| Stepping ~*~*~tactically~*~*~ (stealth).
  5703 | D:7      | Reached skill level 3 in Shields
  5703 | D:7      | 5703 ||| FLEEEEING.
  5704 | D:7      | 5704 ||| FLEEEEING.
  5705 | D:7      | 5705 ||| FLEEEEING.
  5706 | D:7      | 5706 ||| FLEEEEING.
  5707 | D:7      | 5707 ||| FLEEEEING.
  5708 | D:7      | 5708 ||| FLEEEEING.
  5711 | D:7      | 5711 ||| FLEEEEING.
  5753 | D:7      | Noticed Maggie
  5754 | D:7      | 5754 ||| FLEEEEING.
  5760 | D:7      | 5760 ||| FLEEEEING.
  5773 | D:7      | HP: 12/71 [Maggie/bolt of fire (19)]
  5774 | D:7      | 5774 ||| READING 3 scrolls of teleportation.
  5775 | D:7      | 5775 ||| DRINKING 2 potions of heal wounds.
  5778 | D:7      | Killed Maggie
  5779 | D:7      | Reached XP level 9. HP: 23/77 MP: 7/7
  6034 | D:7      | 6034 ||| Stepping ~*~*~tactically~*~*~ (hiding).
  6035 | D:7      | 6035 ||| Stepping ~*~*~tactically~*~*~ (hiding).
  6050 | D:7      | Reached skill level 6 in Shields
  6213 | D:7      | Found Faamevoq's Elemental Accessories.
  6301 | D:7      | 6301 ||| Stepping ~*~*~tactically~*~*~ (stealth).
  6331 | D:7      | 6331 ||| Stepping ~*~*~tactically~*~*~ (stealth).
  6367 | D:7      | Found an opulent altar of Gozag.
  6367 | D:7      | Found a sparkling altar of Nemelex Xobeh.
  6425 | D:7      | 6425 ||| SWAPPING to +2 broad axe of flaming.
  6426 | D:7      | 6426 ||| DROPPING +2 eveningstar of draining.
  6427 | D:7      | 6427 ||| DROPPING +1 hand axe of electrocution.
  6513 | D:7      | 6513 ||| UPGRADING to +2 pair of boots.
  6518 | D:7      | 6518 ||| UPGRADING to ring of protection from fire.
  6520 | D:7      | 6520 ||| READING 2 scrolls labelled VOKHAE HASIBOD.
  6687 | D:7      | 6687 ||| READING 2 scrolls of identify.
  6687 | D:7      | 6687 ||| IDENTIFYING amethyst potion
  6688 | D:7      | 6688 ||| DROPPING scroll of torment.
  6756 | D:8      | Noticed a six-headed hydra
  6760 | D:8      | 6760 ||| INVOKING Berserk.
  6763 | D:8      | Killed a four-headed hydra
  6764 | D:8      | Reached skill level 9 in Shields
  6882 | D:8      | 6882 ||| Stepping ~*~*~tactically~*~*~ (stealth).
  6892 | D:8      | Reached **** piety under Trog
  6934 | D:8      | Reached skill level 1 in Throwing
  6934 | D:8      | 6934 ||| FLEEEEING.
  6935 | D:8      | 6935 ||| FLEEEEING.
  6936 | D:8      | 6936 ||| FLEEEEING.
  6937 | D:8      | 6937 ||| FLEEEEING.
  6938 | D:8      | 6938 ||| FLEEEEING.
  6939 | D:8      | 6939 ||| FLEEEEING.
  6940 | D:8      | 6940 ||| FLEEEEING.
  6941 | D:8      | 6941 ||| FLEEEEING.
  6942 | D:8      | 6942 ||| FLEEEEING.
  6943 | D:8      | 6943 ||| FLEEEEING.
  6944 | D:8      | 6944 ||| FLEEEEING.
  6945 | D:8      | 6945 ||| FLEEEEING.
  6946 | D:8      | 6946 ||| FLEEEEING.
  6947 | D:8      | 6947 ||| FLEEEEING.
  6948 | D:8      | 6948 ||| FLEEEEING.
  6949 | D:8      | 6949 ||| FLEEEEING.
  6950 | D:8      | 6950 ||| FLEEEEING.
  6951 | D:8      | 6951 ||| FLEEEEING.
  6952 | D:8      | 6952 ||| FLEEEEING.
  6953 | D:8      | 6953 ||| FLEEEEING.
  6954 | D:8      | 6954 ||| FLEEEEING.
  6955 | D:8      | 6955 ||| FLEEEEING.
  6956 | D:8      | 6956 ||| FLEEEEING.
  6957 | D:8      | 6957 ||| FLEEEEING.
  6958 | D:8      | 6958 ||| FLEEEEING.
  6959 | D:8      | 6959 ||| FLEEEEING.
  6960 | D:8      | 6960 ||| FLEEEEING.
  6961 | D:8      | 6961 ||| FLEEEEING.
  6962 | D:8      | 6962 ||| FLEEEEING.
  6963 | D:8      | 6963 ||| FLEEEEING.
  6964 | D:8      | 6964 ||| FLEEEEING.
  6965 | D:8      | 6965 ||| FLEEEEING.
  6966 | D:8      | 6966 ||| FLEEEEING.
  6967 | D:8      | 6967 ||| FLEEEEING.
  6968 | D:8      | 6968 ||| FLEEEEING.
  6969 | D:8      | 6969 ||| FLEEEEING.
  6970 | D:8      | 6970 ||| FLEEEEING.
  6971 | D:8      | 6971 ||| FLEEEEING.
  6972 | D:8      | 6972 ||| FLEEEEING.
  6973 | D:8      | 6973 ||| FLEEEEING.
  6974 | D:8      | 6974 ||| FLEEEEING.
  6975 | D:8      | 6975 ||| FLEEEEING.
  6976 | D:8      | 6976 ||| FLEEEEING.
  6977 | D:8      | 6977 ||| FLEEEEING.
  6978 | D:8      | 6978 ||| FLEEEEING.
  6979 | D:8      | 6979 ||| FLEEEEING.
  6980 | D:8      | 6980 ||| FLEEEEING.
  6981 | D:8      | 6981 ||| FLEEEEING.
  6982 | D:8      | 6982 ||| FLEEEEING.
  6983 | D:8      | 6983 ||| STAIRDANCE
  7068 | D:7      | 7068 ||| UPGRADING to amulet of reflection.
  7073 | D:7      | 7073 ||| DROPPING amulet of magic regeneration.
  7074 | D:7      | 7074 ||| READING 2 scrolls of identify.
  7074 | D:7      | 7074 ||| IDENTIFYING bubbling black potion
  7075 | D:7      | 7075 ||| DROPPING potion of magic.
  7083 | D:8      | 7083 ||| STAIRDANCE
  7212 | D:8      | Reached XP level 10. HP: 83/84 MP: 8/8
  7264 | D:8      | 7264 ||| Stepping ~*~*~tactically~*~*~ (stealth).
  7268 | D:8      | 7268 ||| Stepping ~*~*~tactically~*~*~ (stealth).
  7272 | D:8      | 7272 ||| INVOKING Berserk.
  7545 | D:8      | Found a hide-covered altar of Uskayaw.
  7736 | D:8      | 7736 ||| Stepping ~*~*~tactically~*~*~ (hiding).
  7864 | D:8      | Identified the +7 hand axe of Tartarus {vorpal, *Rage rN+
                  | rCorr Dex+9}
  8020 | D:9      | 8020 ||| Stepping ~*~*~tactically~*~*~ (stealth).
  8032 | D:9      | 8032 ||| INVOKING Berserk.
  8034 | D:9      | Reached skill level 12 in Shields
  8047 | D:9      | 8047 ||| Stepping ~*~*~tactically~*~*~ (stealth).
  8054 | D:9      | Reached skill level 7 in Fighting
  8062 | D:9      | Found a staircase to the Lair.
  8071 | D:9      | 8071 ||| FLEEEEING.
  8072 | D:9      | 8072 ||| FLEEEEING.
  8420 | D:9      | 8420 ||| Stepping ~*~*~tactically~*~*~ (stealth).
  8427 | D:9      | Reached skill level 3 in Dodging
  8628 | D:9      | 8628 ||| INVOKING Berserk.
  8745 | D:9      | Found a snail-covered altar of Cheibriados.
  8745 | D:9      | Found a shadowy altar of Dithmenos.
  8746 | D:9      | Found an ancient bone altar of Kikubaaqudgha.
  8784 | D:9      | Found a stormy altar of Qazlal.
  8875 | D:9      | 8875 ||| FLEEEEING.
  8880 | D:9      | 8880 ||| FLEEEEING.
  8881 | D:9      | 8881 ||| FLEEEEING.
  8882 | D:9      | 8882 ||| INVOKING Berserk.
  8894 | D:9      | HP: 17/86 [electric eel/bolt of electricity (9)]
  8895 | D:9      | 8895 ||| READING 3 scrolls of teleportation.
  8896 | D:9      | 8896 ||| DRINKING 3 potions of heal wounds.
  8898 | D:9      | 8898 ||| DRINKING 2 potions of heal wounds.
  9246 | D:9      | 9246 ||| FLEEEEING.
  9247 | D:9      | 9247 ||| FLEEEEING.
  9248 | D:9      | 9248 ||| FLEEEEING.
  9249 | D:9      | 9249 ||| FLEEEEING.
  9250 | D:9      | 9250 ||| FLEEEEING.
  9250 | D:9      | HP: 17/86 [electric eel/bolt of electricity (6)]
  9251 | D:9      | 9251 ||| READING 2 scrolls of teleportation.
  9252 | D:9      | 9252 ||| DRINKING potion of heal wounds.
  9253 | D:9      | 9253 ||| INVOKING Berserk.
  9648 | D:9      | 9648 ||| PLANNING LAIR
  9648 | D:9      | 9648 ||| UPGRADING to +0 plate armour.
  9658 | D:9      | 9658 ||| DROPPING +0 chain mail.
  9659 | D:9      | 9659 ||| DRINKING 2 sedimented red potions.
  9660 | D:9      | 9660 ||| DROPPING potion of attraction.
  9683 | Lair:1   | Entered Level 1 of the Lair of Beasts
  9700 | Lair:1   | 9700 ||| Stepping ~*~*~tactically~*~*~ (stealth).
  9702 | Lair:1   | 9702 ||| INVOKING Berserk.
  9711 | Lair:1   | Reached XP level 11. HP: 92/92 MP: 8/8
  9714 | Lair:1   | Reached skill level 6 in Armour
  9804 | Lair:1   | 9804 ||| Stepping ~*~*~tactically~*~*~ (stealth).
  9879 | Lair:1   | Noticed Sonja
  9894 | Lair:1   | Killed Sonja
  9979 | Lair:1   | Reached skill level 8 in Fighting
 10037 | Lair:1   | 10037 ||| Stepping ~*~*~tactically~*~*~ (hiding).
 10111 | Lair:1   | 10111 ||| INVOKING Berserk.
 10233 | Lair:1   | 10233 ||| INVOKING Berserk.
 10662 | Lair:2   | 10662 ||| INVOKING Berserk.
 10744 | Lair:2   | 10744 ||| Stepping ~*~*~tactically~*~*~ (stealth).
 10746 | Lair:2   | 10746 ||| Stepping ~*~*~tactically~*~*~ (stealth).
 10747 | Lair:2   | 10747 ||| Stepping ~*~*~tactically~*~*~ (stealth).
 10748 | Lair:2   | 10748 ||| Stepping ~*~*~tactically~*~*~ (stealth).
 10749 | Lair:2   | 10749 ||| Stepping ~*~*~tactically~*~*~ (stealth).
 10817 | Lair:2   | 10817 ||| INVOKING Berserk.
 10966 | Lair:2   | 10966 ||| FLEEEEING.
 10967 | Lair:2   | 10967 ||| FLEEEEING.
 10968 | Lair:2   | 10968 ||| FLEEEEING.
 10969 | Lair:2   | 10969 ||| FLEEEEING.
 10970 | Lair:2   | 10970 ||| FLEEEEING.
 10971 | Lair:2   | 10971 ||| FLEEEEING.
 10973 | Lair:2   | 10973 ||| INVOKING Berserk.
 11182 | Lair:2   | 11182 ||| DRINKING potion of cancellation.
 11472 | Lair:2   | 11472 ||| INVOKING Berserk.
 11476 | Lair:2   | Reached skill level 15 in Axes
 11598 | Lair:2   | Noticed a five-headed hydra
 11603 | Lair:2   | 11603 ||| INVOKING Berserk.
 11605 | Lair:2   | Killed a three-headed hydra
 11802 | Lair:2   | 11802 ||| Stepping ~*~*~tactically~*~*~ (stealth).
 11808 | Lair:2   | 11808 ||| Stepping ~*~*~tactically~*~*~ (stealth).
 11811 | Lair:2   | 11811 ||| Stepping ~*~*~tactically~*~*~ (stealth).
 11813 | Lair:2   | Reached skill level 9 in Fighting
 11813 | Lair:2   | 11813 ||| Stepping ~*~*~tactically~*~*~ (stealth).
 11906 | Lair:2   | Reached XP level 12. HP: 104/104 MP: 9/9
 12124 | Lair:2   | 12124 ||| READING scroll labelled LOITYM VOIB.
 12125 | Lair:2   | 12125 ||| READING scroll labelled DOBIUPNIGE.
 12150 | Lair:3   | 12150 ||| STAIRDANCE
 12155 | Lair:3   | 12155 ||| STAIRDANCE
 12157 | Lair:2   | Reached ***** piety under Trog
 12434 | Lair:3   | Noticed a five-headed hydra
 12439 | Lair:3   | 12439 ||| INVOKING Berserk.
 12443 | Lair:3   | Killed a three-headed hydra
 12688 | Lair:3   | 12688 ||| READING scroll of enchant weapon.
 12688 | Lair:3   | 12688 ||| ENCHANTING +3 broad axe of flaming.
 12706 | Lair:3   | 12706 ||| Stepping ~*~*~tactically~*~*~ (stealth).
 12707 | Lair:3   | 12707 ||| Stepping ~*~*~tactically~*~*~ (stealth).
 12709 | Lair:3   | 12709 ||| Stepping ~*~*~tactically~*~*~ (stealth).
 12711 | Lair:3   | 12711 ||| Stepping ~*~*~tactically~*~*~ (stealth).
 12720 | Lair:3   | Noticed Kirke
 12721 | Lair:3   | 12721 ||| Stepping ~*~*~tactically~*~*~ (stealth).
 12724 | Lair:3   | 12724 ||| Stepping ~*~*~tactically~*~*~ (stealth).
 12729 | Lair:3   | Received a gift from Trog
 12743 | Lair:3   | 12743 ||| Stepping ~*~*~tactically~*~*~ (stealth).
 12744 | Lair:3   | 12744 ||| INVOKING Trog's Hand.
 12752 | Lair:3   | 12752 ||| INVOKING Berserk.
 12757 | Lair:3   | Killed Kirke
 12890 | Lair:3   | Found a staircase to the Snake Pit.
 12892 | Lair:3   | 12892 ||| Stepping ~*~*~tactically~*~*~ (hiding).
 12894 | Lair:3   | 12894 ||| Stepping ~*~*~tactically~*~*~ (hiding).
 13066 | Lair:3   | 13066 ||| Stepping ~*~*~tactically~*~*~ (hiding).
 13074 | Lair:3   | 13074 ||| Stepping ~*~*~tactically~*~*~ (hiding).
 13080 | Lair:3   | 13080 ||| INVOKING Berserk.
 13182 | Lair:3   | 13182 ||| INVOKING Berserk.
 13416 | Lair:3   | Found a staircase to the Swamp.
 13420 | Lair:3   | 13420 ||| INVOKING Berserk.
 13427 | Lair:3   | Reached skill level 10 in Fighting
 13792 | Lair:3   | 13792 ||| UPGRADING to ring of poison resistance.
 13794 | Lair:3   | 13794 ||| UPGRADING to +6 ring of strength.
 13796 | Lair:3   | 13796 ||| DRINKING 3 puce potions.
 13897 | Lair:3   | 13897 ||| READING 6 scrolls of identify.
 13897 | Lair:3   | 13897 ||| IDENTIFYING inky potion
 13898 | Lair:3   | 13898 ||| DROPPING 2 potions of ambrosia.
 13899 | Lair:3   | 13899 ||| DROPPING potion of brilliance.
 14030 | Lair:4   | 14030 ||| INVOKING Berserk.
 14195 | Lair:4   | 14195 ||| READING scroll of enchant armour.
 14195 | Lair:4   | 14195 ||| ENCHANTING +1 cloak of willpower.
 14201 | Lair:4   | 14201 ||| Stepping ~*~*~tactically~*~*~ (stealth).
 14202 | Lair:4   | 14202 ||| Stepping ~*~*~tactically~*~*~ (stealth).
 14203 | Lair:4   | 14203 ||| Stepping ~*~*~tactically~*~*~ (stealth).
 14208 | Lair:4   | 14208 ||| Stepping ~*~*~tactically~*~*~ (stealth).
 14215 | Lair:4   | Reached skill level 3 in Throwing
 14219 | Lair:4   | 14219 ||| Stepping ~*~*~tactically~*~*~ (stealth).
 14223 | Lair:4   | Reached skill level 15 in Shields
 14224 | Lair:4   | 14224 ||| INVOKING Berserk.
 14408 | Lair:4   | Found a staircase to the Slime Pits.
 14409 | Lair:4   | You fall into a shaft and drop 1 floor!
 14409 | Lair:5   | Entered Level 5 of the Lair of Beasts
 14417 | Lair:5   | Reached XP level 13. HP: 94/113 MP: 10/10
 14436 | Lair:5   | 14436 ||| INVOKING Berserk.
 14585 | Lair:5   | 14585 ||| INVOKING Berserk.
 14591 | Lair:5   | Reached skill level 9 in Armour
 14805 | Lair:4   | 14805 ||| INVOKING Berserk.
 14818 | Lair:4   | Reached skill level 18 in Axes
 14831 | Lair:4   | 14831 ||| INVOKING Brothers in Arms.
 14832 | Lair:4   | 14832 ||| INVOKING Brothers in Arms.
 15143 | Lair:4   | 15143 ||| READING scroll of enchant armour.
 15143 | Lair:4   | 15143 ||| ENCHANTING +0 plate armour.
 15615 | Lair:4   | 15615 ||| READING scroll labelled PIDIABL EQYMEOSE.
 15694 | Lair:5   | 15694 ||| INVOKING Berserk.
 15706 | Lair:5   | Reached skill level 11 in Fighting
 15839 | Lair:5   | Found a runed translucent door.
 15840 | Lair:5   | Noticed qw's ghost (journeyman TrCA)
 15908 | Lair:5   | 15908 ||| Stepping ~*~*~tactically~*~*~ (stealth).
 15910 | Lair:5   | 15910 ||| Stepping ~*~*~tactically~*~*~ (stealth).
 15915 | Lair:5   | 15915 ||| Stepping ~*~*~tactically~*~*~ (stealth).
 15922 | Lair:5   | 15922 ||| Stepping ~*~*~tactically~*~*~ (stealth).
 15923 | Lair:5   | 15923 ||| Stepping ~*~*~tactically~*~*~ (stealth).
 16121 | Lair:5   | 16121 ||| INVOKING Berserk.
 16360 | Lair:5   | 16360 ||| INVOKING Berserk.
 16374 | Lair:5   | 16374 ||| DRINKING potion of cancellation.
 16387 | Lair:5   | 16387 ||| Stepping ~*~*~tactically~*~*~ (cloud).
 16483 | Lair:5   | 16483 ||| FLEEEEING.
 16631 | Lair:5   | 16631 ||| INVOKING Berserk.
 16779 | Lair:5   | 16779 ||| INVOKING Berserk.
 16796 | Lair:5   | 16796 ||| Stepping ~*~*~tactically~*~*~ (stealth).
 16916 | Lair:5   | 16916 ||| Stepping ~*~*~tactically~*~*~ (hiding).
 16921 | Lair:5   | 16921 ||| INVOKING Berserk.
 17038 | Lair:5   | Identified the +4 flail "Niphixec" {vorpal, *Corrode Int+7
                  | Stlth+}
 17172 | Lair:5   | 17172 ||| Stepping ~*~*~tactically~*~*~ (stealth).
 17173 | Lair:5   | 17173 ||| Stepping ~*~*~tactically~*~*~ (stealth).
 17177 | Lair:5   | 17177 ||| INVOKING Berserk.
 17292 | Lair:5   | 17292 ||| PLANNING D:1-11
 17292 | Lair:5   | 17292 ||| READING 2 scrolls labelled RUMEAF UTOUJAXT.
 17293 | Lair:5   | 17293 ||| READING scroll labelled SUTYVVOEPSU.
 17294 | Lair:5   | 17294 ||| DROPPING scroll of immolation.
 17463 | D:10     | Entered Level 10 of the Dungeon
 17509 | D:10     | Noticed Maurice
 17510 | D:10     | 17510 ||| Stepping ~*~*~tactically~*~*~ (hiding).
 17521 | D:10     | Killed Maurice
 17550 | D:10     | 17550 ||| Stepping ~*~*~tactically~*~*~ (hiding).
 17672 | D:10     | Found a huge runed translucent gate.
 17673 | D:10     | Found a huge runed translucent gate.
 17710 | D:10     | 17710 ||| Stepping ~*~*~tactically~*~*~ (hiding).
 17955 | D:10     | Found a huge runed translucent gate.
 17956 | D:10     | Found a huge runed translucent gate.
 17975 | D:10     | 17975 ||| Stepping ~*~*~tactically~*~*~ (stealth).
 18124 | D:10     | 18124 ||| UPGRADING to +0 pair of gloves.
 18129 | D:10     | 18129 ||| DROPPING ring of ice.
 18156 | D:11     | 18156 ||| INVOKING Berserk.
 18159 | D:11     | Reached skill level 12 in Fighting
 18356 | D:11     | 18356 ||| Stepping ~*~*~tactically~*~*~ (stealth).
 18379 | D:11     | 18379 ||| Stepping ~*~*~tactically~*~*~ (hiding).
 18498 | D:11     | 18498 ||| Stepping ~*~*~tactically~*~*~ (stealth).
 18768 | D:11     | Found a frozen archway.
 18925 | D:11     | Reached XP level 14. HP: 126/126 MP: 11/11
 19020 | D:11     | 19020 ||| PLANNING D
 19056 | D:12     | 19056 ||| Stepping ~*~*~tactically~*~*~ (stealth).
 19075 | D:12     | Found a transporter.
 19116 | D:12     | 19116 ||| Stepping ~*~*~tactically~*~*~ (stealth).
 19236 | D:12     | 19236 ||| Stepping ~*~*~tactically~*~*~ (stealth).
 19248 | D:12     | 19248 ||| Stepping ~*~*~tactically~*~*~ (hiding).
 19250 | D:12     | 19250 ||| Stepping ~*~*~tactically~*~*~ (hiding).
 19258 | D:12     | 19258 ||| Stepping ~*~*~tactically~*~*~ (stealth).
 19259 | D:12     | 19259 ||| Stepping ~*~*~tactically~*~*~ (stealth).
 19268 | D:12     | 19268 ||| Stepping ~*~*~tactically~*~*~ (stealth).
 19272 | D:12     | 19272 ||| Stepping ~*~*~tactically~*~*~ (stealth).
 19274 | D:12     | 19274 ||| Stepping ~*~*~tactically~*~*~ (stealth).
 19276 | D:12     | 19276 ||| Stepping ~*~*~tactically~*~*~ (stealth).
 19282 | D:12     | 19282 ||| Stepping ~*~*~tactically~*~*~ (hiding).
 19290 | D:12     | 19290 ||| Stepping ~*~*~tactically~*~*~ (stealth).
 19292 | D:12     | 19292 ||| Stepping ~*~*~tactically~*~*~ (stealth).
 19296 | D:12     | 19296 ||| Stepping ~*~*~tactically~*~*~ (stealth).
 19297 | D:12     | 19297 ||| Stepping ~*~*~tactically~*~*~ (stealth).
 19319 | D:12     | Found a staircase to the Orcish Mines.
 19417 | D:12     | Found a transporter.
 19438 | D:12     | 19438 ||| Stepping ~*~*~tactically~*~*~ (hiding).
 19439 | D:12     | 19439 ||| Stepping ~*~*~tactically~*~*~ (stealth).
 19454 | D:12     | 19454 ||| Stepping ~*~*~tactically~*~*~ (hiding).
 19457 | D:12     | 19457 ||| Stepping ~*~*~tactically~*~*~ (stealth).
 19510 | D:12     | Found a transporter.
 19556 | D:12     | Found a transporter.
 19703 | D:12     | 19703 ||| Stepping ~*~*~tactically~*~*~ (stealth).
 19724 | D:13     | 19724 ||| STAIRDANCE
 19732 | D:13     | 19732 ||| STAIRDANCE
 19737 | D:12     | Received a gift from Trog
 19740 | D:12     | 19740 ||| DROPPING +0 broad axe.
 19744 | D:13     | 19744 ||| STAIRDANCE
 19843 | D:13     | 19843 ||| READING scroll of enchant weapon.
 19843 | D:13     | 19843 ||| ENCHANTING +4 broad axe of draining.
 19846 | D:13     | Found a gate to the Vaults.
 19853 | D:13     | 19853 ||| INVOKING Berserk.
 19967 | D:13     | 19967 ||| Stepping ~*~*~tactically~*~*~ (stealth).
 19968 | D:13     | 19968 ||| Stepping ~*~*~tactically~*~*~ (stealth).
 20029 | D:13     | 20029 ||| INVOKING Berserk.
 20175 | D:13     | 20175 ||| INVOKING Berserk.
 20383 | D:13     | 20383 ||| INVOKING Brothers in Arms.
 20385 | D:13     | 20385 ||| INVOKING Berserk.
 20391 | D:13     | Reached skill level 13 in Fighting
 20588 | D:13     | 20588 ||| Stepping ~*~*~tactically~*~*~ (hiding).
 20624 | D:13     | 20624 ||| READING scroll of enchant weapon.
 20624 | D:13     | 20624 ||| ENCHANTING +5 broad axe of draining.
 20744 | D:13     | Found the +18 Lear's hauberk
 20826 | D:13     | 20826 ||| DROPPING +6 ring of intelligence.
 20873 | D:14     | 20873 ||| INVOKING Trog's Hand.
 21028 | D:14     | 21028 ||| Stepping ~*~*~tactically~*~*~ (hiding).
 21035 | D:14     | 21035 ||| Stepping ~*~*~tactically~*~*~ (hiding).
 21042 | D:14     | 21042 ||| Stepping ~*~*~tactically~*~*~ (hiding).
 21523 | D:15     | Entered Level 15 of the Dungeon
 21527 | D:15     | 21527 ||| INVOKING Trog's Hand.
 21533 | D:15     | Reached skill level 6 in Throwing
 21561 | D:15     | 21561 ||| FLEEEEING.
 21562 | D:15     | 21562 ||| FLEEEEING.
 21563 | D:15     | 21563 ||| FLEEEEING.
 21564 | D:15     | 21564 ||| STAIRDANCE
 21660 | D:15     | 21660 ||| Stepping ~*~*~tactically~*~*~ (hiding).
 21663 | D:15     | 21663 ||| INVOKING Trog's Hand.
 21664 | D:15     | 21664 ||| INVOKING Berserk.
 21803 | D:15     | 21803 ||| Stepping ~*~*~tactically~*~*~ (stealth).
 21856 | D:15     | 21856 ||| READING 5 scrolls of teleportation.
 21864 | D:15     | 21864 ||| READING 4 scrolls of teleportation.
 21891 | D:15     | 21891 ||| READING 3 scrolls of teleportation.
 21934 | D:15     | 21934 ||| Stepping ~*~*~tactically~*~*~ (hiding).
 21944 | D:15     | Received a gift from Trog
 21945 | D:15     | Reached skill level 12 in Armour
 22015 | D:15     | 22015 ||| READING 2 scrolls of teleportation.
 22077 | D:15     | Noticed Louise
 22078 | D:15     | 22078 ||| Stepping ~*~*~tactically~*~*~ (stealth).
 22080 | D:15     | 22080 ||| Stepping ~*~*~tactically~*~*~ (hiding).
 22083 | D:15     | 22083 ||| Stepping ~*~*~tactically~*~*~ (hiding).
 22084 | D:15     | 22084 ||| Stepping ~*~*~tactically~*~*~ (hiding).
 22085 | D:15     | 22085 ||| INVOKING Trog's Hand.
 22086 | D:15     | 22086 ||| INVOKING Brothers in Arms.
 22087 | D:15     | 22087 ||| INVOKING Brothers in Arms.
 22088 | D:15     | 22088 ||| INVOKING Brothers in Arms.
 22089 | D:15     | 22089 ||| INVOKING Berserk.
 22101 | D:15     | Killed Louise
 22102 | D:15     | Reached skill level 6 in Dodging
 22243 | D:15     | 22243 ||| READING scroll of teleportation.
 22317 | D:15     | 22317 ||| Stepping ~*~*~tactically~*~*~ (stealth).
 22319 | D:15     | 22319 ||| Stepping ~*~*~tactically~*~*~ (stealth).
 22341 | D:15     | Found Jitol's Antique Armour Boutique.
 22353 | D:15     | 22353 ||| BUYING bloodstained chain mail (351 gold).
 22353 | D:15     | Bought a bloodstained chain mail for 351 gold pieces
 22353 | D:15     | Identified the +0 chain mail of Vexation {rPois Dex+7} (You
                  | bought it in a shop on level 15 of the Dungeon)
 22353 | D:15     | 22353 ||| BUYING glowing cloak (277 gold).
 22353 | D:15     | Bought a glowing cloak for 277 gold pieces
 22353 | D:15     | 22353 ||| SHOPLISTING glowing plate armour (962 gold, have
                  | 869).
 22353 | D:15     | 22353 ||| BUYING runed chain mail (277 gold).
 22353 | D:15     | Bought a runed chain mail for 277 gold pieces
 22358 | D:15     | 22358 ||| Stepping ~*~*~tactically~*~*~ (stealth).
 22360 | D:15     | 22360 ||| Stepping ~*~*~tactically~*~*~ (stealth).
 22372 | D:15     | Found a staircase to the Depths.
 22374 | D:15     | 22374 ||| Stepping ~*~*~tactically~*~*~ (hiding).
 22375 | D:15     | 22375 ||| INVOKING Brothers in Arms.
 22376 | D:15     | 22376 ||| INVOKING Brothers in Arms.
 22377 | D:15     | 22377 ||| INVOKING Brothers in Arms.
 22378 | D:15     | 22378 ||| INVOKING Brothers in Arms.
 22379 | D:15     | 22379 ||| SWAPPING to +4 flail "Niphixec" {vorpal, *Corrode
                  | Int+7 Stlth+}.
 22380 | D:15     | 22380 ||| INVOKING Berserk.
 22644 | D:15     | 22644 ||| SWAPPING to +6 broad axe of draining.
 22845 | D:15     | 22845 ||| INVOKING Brothers in Arms.
 23133 | D:15     | 23133 ||| DROPPING +0 cloak of preservation.
 23134 | D:15     | 23134 ||| DROPPING +2 chain mail of poison resistance.
 23135 | D:15     | 23135 ||| Stepping randomly (stuck).
 23136 | D:15     | 23136 ||| Stepping randomly (stuck).
 23138 | D:15     | 23138 ||| Stepping randomly (stuck).
 23139 | D:15     | 23139 ||| Stepping randomly (stuck).
 23166 | D:15     | Reached XP level 15. HP: 119/135 MP: 12/12
 23188 | D:15     | 23188 ||| Stepping ~*~*~tactically~*~*~ (stealth).
 23193 | D:15     | 23193 ||| Stepping ~*~*~tactically~*~*~ (stealth).
 23195 | D:15     | 23195 ||| Stepping ~*~*~tactically~*~*~ (stealth).
 23196 | D:15     | 23196 ||| Stepping ~*~*~tactically~*~*~ (stealth).
 23322 | D:15     | 23322 ||| PLANNING ORC
 23457 | Orc:1    | Entered Level 1 of the Orcish Mines
 23510 | Orc:1    | 23510 ||| INVOKING Berserk.
 23552 | Orc:1    | 23552 ||| Stepping ~*~*~tactically~*~*~ (stealth).
 23554 | Orc:1    | 23554 ||| Stepping ~*~*~tactically~*~*~ (stealth).
 23710 | Orc:1    | 23710 ||| Stepping ~*~*~tactically~*~*~ (stealth).
 23713 | Orc:1    | 23713 ||| INVOKING Berserk.
 23831 | Orc:1    | 23831 ||| Stepping ~*~*~tactically~*~*~ (stealth).
 24029 | Orc:2    | Entered Level 2 of the Orcish Mines
 24029 | Orc:2    | Found a staircase to the Elven Halls.
 24065 | Orc:2    | 24065 ||| Stepping ~*~*~tactically~*~*~ (stealth).
 24075 | Orc:2    | 24075 ||| INVOKING Berserk.
 24226 | Orc:2    | 24226 ||| INVOKING Trog's Hand.
 24229 | Orc:2    | 24229 ||| INVOKING Berserk.
 24248 | Orc:2    | 24248 ||| INVOKING Trog's Hand.
 24266 | Orc:2    | Reached skill level 14 in Fighting
 24271 | Orc:2    | 24271 ||| DRINKING 4 potions of curing.
 24271 | Orc:2    | 24271 ||| (to cure confusion)
 24277 | Orc:2    | 24277 ||| FLEEEEING.
 24278 | Orc:2    | 24278 ||| FLEEEEING.
 24279 | Orc:2    | 24279 ||| FLEEEEING.
 24280 | Orc:2    | 24280 ||| FLEEEEING.
 24281 | Orc:2    | 24281 ||| FLEEEEING.
 24282 | Orc:2    | 24282 ||| FLEEEEING.
 24283 | Orc:2    | 24283 ||| FLEEEEING.
 24284 | Orc:2    | 24284 ||| FLEEEEING.
 24285 | Orc:2    | 24285 ||| FLEEEEING.
 24286 | Orc:2    | 24286 ||| STAIRDANCE
 24399 | Orc:2    | 24399 ||| INVOKING Berserk.
 24411 | Orc:2    | Reached skill level 18 in Shields
 24681 | Orc:2    | Found a runed translucent gate.
 24681 | Orc:2    | Found a runed translucent gate.
 24681 | Orc:2    | Found a runed translucent gate.
 24707 | Orc:2    | 24707 ||| DROPPING +4 flail "Niphixec" {vorpal, *Corrode
                  | Int+7 Stlth+}.
 24725 | Orc:2    | Noticed an orc warlord
 24726 | Orc:2    | 24726 ||| INVOKING Trog's Hand.
 24730 | Orc:2    | 24730 ||| INVOKING Berserk.
 24739 | Orc:2    | Killed an orc warlord
 24914 | Orc:2    | 24914 ||| DROPPING +0 morningstar.
 24964 | Orc:2    | Found Causuena's Firing Range.
 25054 | Orc:2    | Found Yxefar's Distillery.
 25054 | Orc:2    | Found Uwioros's General Store.
 25055 | Orc:2    | Found Giyzav's Book Shoppe.
 25059 | Orc:2    | Found Uddourr's General Store.
 25062 | Orc:2    | 25062 ||| BUYING potion of cancellation (136 gold).
 25062 | Orc:2    | Bought a potion of cancellation for 136 gold pieces
 25062 | Orc:2    | 25062 ||| BUYING potion of curing (51 gold).
 25062 | Orc:2    | Bought a potion of curing for 51 gold pieces
 25062 | Orc:2    | 25062 ||| BUYING potion of curing (51 gold).
 25062 | Orc:2    | Bought a potion of curing for 51 gold pieces
 25062 | Orc:2    | 25062 ||| BUYING potion of haste (170 gold).
 25062 | Orc:2    | Bought a potion of haste for 170 gold pieces
 25062 | Orc:2    | 25062 ||| BUYING potion of heal wounds (85 gold).
 25062 | Orc:2    | Bought a potion of heal wounds for 85 gold pieces
 25062 | Orc:2    | 25062 ||| BUYING potion of might (68 gold).
 25062 | Orc:2    | Bought a potion of might for 68 gold pieces
 25062 | Orc:2    | 25062 ||| BUYING potion of mutation (136 gold).
 25062 | Orc:2    | Bought a potion of mutation for 136 gold pieces
 25063 | Orc:2    | 25063 ||| BUYING potion of cancellation (136 gold).
 25063 | Orc:2    | Bought a potion of cancellation for 136 gold pieces
 25065 | Orc:2    | 25065 ||| BUYING +1 pair of gloves of Epluifats {Int+2}
                  | (227 gold).
 25065 | Orc:2    | Bought the +1 pair of gloves of Epluifats {Int+2} for 227
                  | gold pieces
 25065 | Orc:2    | 25065 ||| BUYING potion of heal wounds (55 gold).
 25065 | Orc:2    | Bought a potion of heal wounds for 55 gold pieces
 25232 | Orc:2    | Noticed qw's ghost (journeyman MiFi)
 25358 | Orc:2    | 25358 ||| UPGRADING to +1 pair of gloves of Epluifats
                  | {Int+2}.
 25368 | Orc:2    | 25368 ||| DROPPING +0 pair of gloves.
 25610 | Orc:1    | 25610 ||| PLANNING SWAMP:1-3
 25867 | Swamp:1  | Entered Level 1 of the Swamp
 25870 | Swamp:1  | 25870 ||| INVOKING Berserk.
 25889 | Swamp:1  | 25889 ||| INVOKING Brothers in Arms.
 25890 | Swamp:1  | 25890 ||| Stepping ~*~*~tactically~*~*~ (cloud).
 25891 | Swamp:1  | 25891 ||| INVOKING Brothers in Arms.
 25891 | Swamp:1  | HP: 34/138 [swamp worm (13)]
 25892 | Swamp:1  | 25892 ||| DRINKING 4 potions of heal wounds.
 25893 | Swamp:1  | 25893 ||| DRINKING 3 potions of heal wounds.
 25894 | Swamp:1  | 25894 ||| Stepping ~*~*~tactically~*~*~ (cloud).
 25894 | Swamp:1  | HP: 8/138 [spriggan rider/+0 spear (15)]
 25895 | Swamp:1  | 25895 ||| DRINKING 2 potions of heal wounds.
 25896 | Swamp:1  | 25896 ||| DRINKING potion of heal wounds.
 25897 | Swamp:1  | 25897 ||| INVOKING Brothers in Arms.
 25898 | Swamp:1  | 25898 ||| SWAPPING to +2 war axe of flaming.
 25899 | Swamp:1  | HP: 20/138 [swamp worm (1)]
 25904 | Swamp:1  | 25904 ||| SWAPPING to +6 broad axe of draining.
 25965 | Swamp:1  | HP: 33/138 [bunyip (5)]
 25966 | Swamp:1  | 25966 ||| INVOKING Berserk.
 25977 | Swamp:1  | 25977 ||| Stepping ~*~*~tactically~*~*~ (stealth).
 25980 | Swamp:1  | 25980 ||| Stepping ~*~*~tactically~*~*~ (stealth).
 26061 | Swamp:1  | 26061 ||| Stepping ~*~*~tactically~*~*~ (stealth).
 26085 | Swamp:1  | 26085 ||| Stepping ~*~*~tactically~*~*~ (stealth).
 26096 | Swamp:1  | 26096 ||| INVOKING Berserk.
 26424 | Swamp:1  | 26424 ||| Stepping ~*~*~tactically~*~*~ (hiding).
 26748 | Swamp:1  | 26748 ||| READING scroll labelled OKHLEI RYSI.
 26769 | Swamp:2  | 26769 ||| INVOKING Berserk.
 26800 | Swamp:2  | 26800 ||| Stepping ~*~*~tactically~*~*~ (water).
 26807 | Swamp:2  | 26807 ||| FLEEEEING.
 26808 | Swamp:2  | 26808 ||| STAIRDANCE
 27000 | Swamp:2  | 27000 ||| SWAPPING to +2 war axe of flaming.
 27004 | Swamp:2  | 27004 ||| SWAPPING to +6 broad axe of draining.
 27029 | Swamp:2  | Reached skill level 15 in Fighting
 27045 | Swamp:2  | 27045 ||| Stepping ~*~*~tactically~*~*~ (stealth).
 27091 | Swamp:2  | 27091 ||| Stepping ~*~*~tactically~*~*~ (hiding).
 27095 | Swamp:2  | 27095 ||| SWAPPING to +2 war axe of flaming.
 27100 | Swamp:2  | 27100 ||| SWAPPING to +6 broad axe of draining.
 27103 | Swamp:2  | Noticed Jorgrun
 27104 | Swamp:2  | 27104 ||| INVOKING Berserk.
 27111 | Swamp:2  | Killed Jorgrun
 27244 | Swamp:2  | Noticed Roxanne
 27253 | Swamp:2  | 27253 ||| INVOKING Berserk.
 27263 | Swamp:2  | Killed Roxanne
 27411 | Swamp:2  | 27411 ||| INVOKING Berserk.
 27420 | Swamp:2  | 27420 ||| Stepping ~*~*~tactically~*~*~ (stealth).
 27422 | Swamp:2  | 27422 ||| Stepping ~*~*~tactically~*~*~ (hiding).
 27425 | Swamp:2  | 27425 ||| Stepping ~*~*~tactically~*~*~ (cloud).
 27481 | Swamp:2  | 27481 ||| Stepping ~*~*~tactically~*~*~ (stealth).
 27577 | Swamp:2  | 27577 ||| SWAPPING to +2 war axe of flaming.
 27581 | Swamp:2  | 27581 ||| SWAPPING to +6 broad axe of draining.
 27720 | Swamp:2  | 27720 ||| Stepping ~*~*~tactically~*~*~ (stealth).
 27724 | Swamp:2  | 27724 ||| INVOKING Berserk.
 27735 | Swamp:2  | 27735 ||| SWAPPING to +2 war axe of flaming.
 27741 | Swamp:2  | 27741 ||| SWAPPING to +6 broad axe of draining.
 28236 | Swamp:3  | Noticed a thorn hunter
 28242 | Swamp:3  | 28242 ||| INVOKING Berserk.
 28249 | Swamp:3  | Killed a thorn hunter
 28457 | Swamp:3  | 28457 ||| Stepping ~*~*~tactically~*~*~ (water).
 28526 | Swamp:3  | 28526 ||| Stepping ~*~*~tactically~*~*~ (hiding).
 28540 | Swamp:3  | 28540 ||| Stepping ~*~*~tactically~*~*~ (stealth).
 28541 | Swamp:3  | 28541 ||| Stepping ~*~*~tactically~*~*~ (stealth).
 28548 | Swamp:3  | 28548 ||| INVOKING Berserk.
 28833 | Swamp:3  | 28833 ||| INVOKING Berserk.
 28838 | Swamp:3  | Reached XP level 16. HP: 149/149 MP: 13/13
 28909 | Swamp:3  | 28909 ||| INVOKING Berserk.
 29042 | Swamp:3  | 29042 ||| Stepping ~*~*~tactically~*~*~ (hiding).
 29053 | Swamp:3  | 29053 ||| Stepping ~*~*~tactically~*~*~ (cloud).
 29054 | Swamp:3  | 29054 ||| Stepping ~*~*~tactically~*~*~ (cloud).
 29055 | Swamp:3  | 29055 ||| Stepping ~*~*~tactically~*~*~ (cloud).
 29056 | Swamp:3  | 29056 ||| Stepping ~*~*~tactically~*~*~ (cloud).
 29064 | Swamp:3  | Reached skill level 9 in Throwing
 29069 | Swamp:3  | 29069 ||| Stepping ~*~*~tactically~*~*~ (cloud).
 29071 | Swamp:3  | 29071 ||| Stepping ~*~*~tactically~*~*~ (cloud).
 29440 | Swamp:3  | 29440 ||| PLANNING SNAKE:1-3
 29532 | Snake:1  | Entered Level 1 of the Snake Pit
 29551 | Snake:1  | 29551 ||| Stepping ~*~*~tactically~*~*~ (hiding).
 29813 | Snake:1  | 29813 ||| Stepping ~*~*~tactically~*~*~ (hiding).
 30027 | Snake:1  | 30027 ||| INVOKING Berserk.
 30031 | Snake:1  | Reached skill level 16 in Fighting
 30033 | Snake:1  | Received a gift from Trog
 30180 | Snake:1  | Identified the +2 ring mail "Jumyt" {rF+++ rC+++ Str-5
                  | Dex-2}
 30258 | Snake:1  | 30258 ||| Stepping ~*~*~tactically~*~*~ (hiding).
 30272 | Snake:1  | 30272 ||| Stepping ~*~*~tactically~*~*~ (hiding).
 30595 | Snake:1  | 30595 ||| DROPPING amulet of faith.
 30596 | Snake:1  | 30596 ||| UPGRADING to ring of see invisible.
 30649 | Snake:2  | 30649 ||| INVOKING Berserk.
 30717 | Snake:2  | 30717 ||| Stepping ~*~*~tactically~*~*~ (stealth).
 30728 | Snake:2  | 30728 ||| Stepping ~*~*~tactically~*~*~ (hiding).
 30836 | Snake:2  | 30836 ||| Stepping ~*~*~tactically~*~*~ (stealth).
 30838 | Snake:2  | 30838 ||| Stepping ~*~*~tactically~*~*~ (hiding).
 30839 | Snake:2  | 30839 ||| Stepping ~*~*~tactically~*~*~ (hiding).
 30844 | Snake:2  | 30844 ||| INVOKING Berserk.
 30917 | Snake:2  | 30917 ||| Stepping ~*~*~tactically~*~*~ (stealth).
 30918 | Snake:2  | 30918 ||| Stepping ~*~*~tactically~*~*~ (hiding).
 30919 | Snake:2  | 30919 ||| Stepping ~*~*~tactically~*~*~ (hiding).
 31008 | Snake:2  | 31008 ||| Stepping ~*~*~tactically~*~*~ (hiding).
 31037 | Snake:2  | Reached skill level 15 in Armour
 31097 | Snake:2  | 31097 ||| INVOKING Berserk.
 31375 | Snake:2  | Noticed Vashnia
 31376 | Snake:2  | 31376 ||| INVOKING Brothers in Arms.
 31380 | Snake:2  | 31380 ||| INVOKING Berserk.
 31397 | Snake:2  | HP: 35/152 [Vashnia/arrow (8)]
 31398 | Snake:2  | 31398 ||| READING scroll of teleportation.
 31853 | Snake:2  | Reached skill level 17 in Fighting
 31853 | Snake:2  | 31853 ||| Stepping ~*~*~tactically~*~*~ (hiding).
 31864 | Snake:2  | 31864 ||| Stepping ~*~*~tactically~*~*~ (hiding).
 31867 | Snake:2  | 31867 ||| INVOKING Berserk.
 31869 | Snake:2  | Noticed Azrael
 31884 | Snake:2  | Killed Azrael
 31914 | Snake:2  | 31914 ||| Stepping ~*~*~tactically~*~*~ (stealth).
 31915 | Snake:2  | 31915 ||| Stepping ~*~*~tactically~*~*~ (stealth).
 31916 | Snake:2  | 31916 ||| INVOKING Brothers in Arms.
 31921 | Snake:2  | 31921 ||| INVOKING Brothers in Arms.
 31921 | Snake:2  | Killed Vashnia
 32252 | Snake:2  | 32252 ||| DROPPING scarf of invisibility.
 32285 | Snake:3  | 32285 ||| Stepping ~*~*~tactically~*~*~ (hiding).
 32286 | Snake:3  | 32286 ||| Stepping ~*~*~tactically~*~*~ (hiding).
 32288 | Snake:3  | 32288 ||| INVOKING Berserk.
 32373 | Snake:3  | 32373 ||| Stepping ~*~*~tactically~*~*~ (stealth).
 32375 | Snake:3  | 32375 ||| Stepping ~*~*~tactically~*~*~ (hiding).
 32391 | Snake:3  | Received a gift from Trog
 32392 | Snake:3  | 32392 ||| INVOKING Berserk.
 32668 | Snake:3  | Found Leatevat's Antique Armour Shoppe.
 32675 | Snake:3  | Reached XP level 17. HP: 134/161 MP: 14/14
 32675 | Snake:3  | Found Jiheigue's Antique Armour Emporium.
 32675 | Snake:3  | Found Tefeboz's Antique Armour Shoppe.
 32694 | Snake:3  | 32694 ||| Stepping ~*~*~tactically~*~*~ (stealth).
 32698 | Snake:3  | 32698 ||| Stepping ~*~*~tactically~*~*~ (stealth).
 32727 | Snake:3  | 32727 ||| INVOKING Berserk.
 32848 | Snake:3  | 32848 ||| Stepping ~*~*~tactically~*~*~ (hiding).
 32849 | Snake:3  | 32849 ||| Stepping ~*~*~tactically~*~*~ (hiding).
 33131 | Snake:3  | Found Vaanux's Antique Weapon Emporium.
 33136 | Snake:3  | 33136 ||| BUYING pair of spiked gloves (342 gold).
 33136 | Snake:3  | Bought a pair of spiked gloves for 342 gold pieces
 33136 | Snake:3  | Identified the +0 pair of gloves of the Lily {rElec rC+}
                  | (You bought it in a shop on level 3 of the Snake Pit)
 33145 | Snake:3  | 33145 ||| SHOPLISTING pair of glowing gloves (292 gold,
                  | have 258).
 33149 | Snake:3  | 33149 ||| Stepping ~*~*~tactically~*~*~ (hiding).
 33187 | Snake:3  | 33187 ||| READING scroll of enchant armour.
 33187 | Snake:3  | 33187 ||| ENCHANTING +1 plate armour.
 33204 | Snake:3  | Noticed Agnes
 33205 | Snake:3  | 33205 ||| Stepping ~*~*~tactically~*~*~ (stealth).
 33208 | Snake:3  | 33208 ||| INVOKING Brothers in Arms.
 33209 | Snake:3  | 33209 ||| INVOKING Berserk.
 33213 | Snake:3  | Killed Agnes
 33323 | Snake:3  | Found a runed translucent door.
 33324 | Snake:3  | Found a shimmering altar of Xom.
 33324 | Snake:3  | Noticed qw's ghost (adept MiBe)
 33344 | Snake:3  | 33344 ||| Stepping ~*~*~tactically~*~*~ (hiding).
 33345 | Snake:3  | 33345 ||| Stepping ~*~*~tactically~*~*~ (hiding).
 33468 | Snake:3  | 33468 ||| Stepping ~*~*~tactically~*~*~ (hiding).
 33476 | Snake:3  | 33476 ||| INVOKING Berserk.
 33757 | Snake:3  | 33757 ||| Stepping ~*~*~tactically~*~*~ (hiding).
 34030 | Snake:3  | 34030 ||| PLANNING SWAMP:4
 34030 | Snake:3  | 34030 ||| UPGRADING to +0 pair of gloves of the Lily {rElec
                  | rC+}.
 34180 | Swamp:4  | Entered Level 4 of the Swamp
 34191 | Swamp:4  | 34191 ||| INVOKING Berserk.
 34382 | Swamp:4  | Noticed Bai Suzhen
 34383 | Swamp:4  | 34383 ||| INVOKING Berserk.
 34404 | Swamp:4  | 34404 ||| SWAPPING to +2 war axe of flaming.
 34405 | Swamp:4  | 34405 ||| Stepping ~*~*~tactically~*~*~ (water).
 34407 | Swamp:4  | 34407 ||| SWAPPING to +6 broad axe of draining.
 34408 | Swamp:4  | Killed Bai Suzhen
 34428 | Swamp:4  | Reached skill level 18 in Fighting
 34437 | Swamp:4  | 34437 ||| Stepping ~*~*~tactically~*~*~ (water).
 34441 | Swamp:4  | 34441 ||| INVOKING Berserk.
 34454 | Swamp:4  | 34454 ||| SWAPPING to +2 war axe of flaming.
 34458 | Swamp:4  | 34458 ||| SWAPPING to +6 broad axe of draining.
 34461 | Swamp:4  | 34461 ||| READING scroll of teleportation.
 34462 | Swamp:4  | 34462 ||| Stepping randomly (stuck).
 34463 | Swamp:4  | 34463 ||| Stepping ~*~*~tactically~*~*~ (water).
 34464 | Swamp:4  | HP: 16/163 [spore (30)]
 34553 | Swamp:4  | 34553 ||| Stepping ~*~*~tactically~*~*~ (stealth).
 34554 | Swamp:4  | 34554 ||| Stepping ~*~*~tactically~*~*~ (stealth).
 34560 | Swamp:4  | 34560 ||| Stepping ~*~*~tactically~*~*~ (stealth).
 34562 | Swamp:4  | 34562 ||| INVOKING Berserk.
 34578 | Swamp:4  | HP: 40/163 [poisoned by a swamp dragon (blast of poison)]
 34580 | Swamp:4  | 34580 ||| Stepping ~*~*~tactically~*~*~ (hiding).
 34583 | Swamp:4  | 34583 ||| SWAPPING to +2 war axe of flaming.
 34584 | Swamp:4  | 34584 ||| SWAPPING to +6 broad axe of draining.
 34585 | Swamp:4  | 34585 ||| SWAPPING to +2 war axe of flaming.
 34586 | Swamp:4  | 34586 ||| SWAPPING to +6 broad axe of draining.
 34587 | Swamp:4  | 34587 ||| SWAPPING to +2 war axe of flaming.
 34590 | Swamp:4  | 34590 ||| SWAPPING to +6 broad axe of draining.
 34818 | Swamp:4  | 34818 ||| SWAPPING to +2 war axe of flaming.
 34823 | Swamp:4  | 34823 ||| SWAPPING to +6 broad axe of draining.
 34895 | Swamp:4  | 34895 ||| Stepping ~*~*~tactically~*~*~ (stealth).
 34911 | Swamp:4  | 34911 ||| Stepping ~*~*~tactically~*~*~ (stealth).
 35009 | Swamp:4  | 35009 ||| Stepping ~*~*~tactically~*~*~ (stealth).
 35011 | Swamp:4  | 35011 ||| Stepping ~*~*~tactically~*~*~ (hiding).
 35013 | Swamp:4  | 35013 ||| SWAPPING to +2 war axe of flaming.
 35016 | Swamp:4  | 35016 ||| SWAPPING to +6 broad axe of draining.
 35018 | Swamp:4  | 35018 ||| INVOKING Berserk.
 35025 | Swamp:4  | Identified a scroll of acquirement
 35036 | Swamp:4  | 35036 ||| INVOKING Brothers in Arms.
 35037 | Swamp:4  | 35037 ||| SWAPPING to +2 war axe of flaming.
 35045 | Swamp:4  | 35045 ||| SWAPPING to +6 broad axe of draining.
 35047 | Swamp:4  | HP: 39/163 [swamp dragon (5)]
 35048 | Swamp:4  | 35048 ||| READING scroll of teleportation.
 35052 | Swamp:4  | 35052 ||| INVOKING Brothers in Arms.
 35061 | Swamp:4  | 35061 ||| SWAPPING to +2 war axe of flaming.
 35063 | Swamp:4  | 35063 ||| SWAPPING to +6 broad axe of draining.
 35078 | Swamp:4  | 35078 ||| SWAPPING to +2 war axe of flaming.
 35079 | Swamp:4  | 35079 ||| INVOKING Berserk.
 35079 | Swamp:4  | HP: 57/244 [seven-headed hydra (10)]
 35084 | Swamp:4  | HP: 48/244 [poisoned by a swamp dragon (blast of poison)]
 35089 | Swamp:4  | HP: 27/163 [poisoned by a swamp dragon (blast of poison)]
 35090 | Swamp:4  | 35090 ||| FLEEEEING.
 35091 | Swamp:4  | 35091 ||| SWAPPING to +6 broad axe of draining.
 35158 | Swamp:4  | 35158 ||| INVOKING Berserk.
 35165 | Swamp:4  | 35165 ||| FLEEEEING.
 35166 | Swamp:4  | 35166 ||| FLEEEEING.
 35168 | Swamp:4  | 35168 ||| FLEEEEING.
 35232 | Swamp:4  | 35232 ||| FLEEEEING.
 35245 | Swamp:4  | 35245 ||| FLEEEEING.
 35250 | Swamp:4  | 35250 ||| STAIRDANCE
 35507 | Swamp:4  | 35507 ||| READING scroll of acquirement.
 35507 | Swamp:4  | 35507 ||| ACQUIRING ring "Roithreal" {rF+ EV+4}
 35507 | Swamp:4  | Acquired the ring "Roithreal" {rF+ EV+4}
 35509 | Swamp:4  | 35509 ||| DROPPING ring of protection from cold.
 35608 | Swamp:4  | Got a decaying rune of Zot
 35627 | Swamp:4  | Reached skill level 9 in Dodging
 35956 | Swamp:4  | 35956 ||| PLANNING VAULTS:1-4
 35956 | Swamp:4  | 35956 ||| DROPPING +0 chain mail of Vexation {rPois Dex+7}.
 35957 | Swamp:4  | 35957 ||| UPGRADING to +4 storm dragon scales {Bai Suzhen}.
 35967 | Swamp:4  | 35967 ||| DROPPING +2 plate armour.
 35968 | Swamp:4  | 35968 ||| UPGRADING to +1 pair of gloves of Epluifats
                  | {Int+2}.
 35978 | Swamp:4  | 35978 ||| DROPPING ring of willpower.
 35979 | Swamp:4  | 35979 ||| DROPPING ring of resist corrosion.
 35980 | Swamp:4  | 35980 ||| UPGRADING to ring "Roithreal" {rF+ EV+4}.
 35982 | Swamp:4  | 35982 ||| UPGRADING to ring of poison resistance.
 36269 | Vaults:1 | Entered Level 1 of the Vaults
 36276 | Vaults:1 | 36276 ||| INVOKING Trog's Hand.
 36277 | Vaults:1 | 36277 ||| Stepping ~*~*~tactically~*~*~ (hiding).
 36288 | Vaults:1 | 36288 ||| Stepping ~*~*~tactically~*~*~ (stealth).
 36300 | Vaults:1 | 36300 ||| Stepping ~*~*~tactically~*~*~ (hiding).
 36559 | Vaults:1 | 36559 ||| INVOKING Trog's Hand.
 36587 | Vaults:1 | 36587 ||| Stepping ~*~*~tactically~*~*~ (hiding).
 36604 | Vaults:1 | Reached skill level 19 in Fighting
 36612 | Vaults:1 | 36612 ||| INVOKING Brothers in Arms.
 36613 | Vaults:1 | 36613 ||| INVOKING Berserk.
 36621 | Vaults:1 | Reached XP level 18. HP: 176/176 MP: 15/15
 36749 | Vaults:1 | 36749 ||| DROPPING +2 war axe of flaming.
 36952 | Vaults:1 | 36952 ||| INVOKING Trog's Hand.
 37134 | Vaults:1 | 37134 ||| INVOKING Berserk.
 37275 | Vaults:1 | 37275 ||| INVOKING Trog's Hand.
 37400 | Vaults:1 | 37400 ||| INVOKING Berserk.
 37722 | Vaults:1 | 37722 ||| DROPPING scarf of invisibility.
 37738 | Vaults:2 | 37738 ||| PLANNING DESOLATION
 37739 | Vaults:2 | 37739 ||| STAIRDANCE
 37745 | Vaults:2 | 37745 ||| STAIRDANCE
 37800 | Vaults:2 | 37800 ||| Stepping ~*~*~tactically~*~*~ (stealth).
 37804 | Vaults:2 | 37804 ||| Stepping ~*~*~tactically~*~*~ (stealth).
 37848 | Vaults:2 | 37848 ||| INVOKING Berserk.
 37958 | Vaults:2 | Found Wofuyck's Weapon Emporium.
 38072 | Vaults:2 | 38072 ||| FLEEEEING.
 38073 | Vaults:2 | 38073 ||| FLEEEEING.
 38074 | Vaults:2 | 38074 ||| FLEEEEING.
 38075 | Vaults:2 | 38075 ||| FLEEEEING.
 38076 | Vaults:2 | 38076 ||| FLEEEEING.
 38077 | Vaults:2 | 38077 ||| FLEEEEING.
 38078 | Vaults:2 | 38078 ||| FLEEEEING.
 38079 | Vaults:2 | 38079 ||| FLEEEEING.
 38080 | Vaults:2 | 38080 ||| FLEEEEING.
 38081 | Vaults:2 | 38081 ||| FLEEEEING.
 38082 | Vaults:2 | 38082 ||| FLEEEEING.
 38083 | Vaults:2 | 38083 ||| FLEEEEING.
 38084 | Vaults:2 | 38084 ||| FLEEEEING.
 38085 | Vaults:2 | 38085 ||| FLEEEEING.
 38092 | Vaults:2 | 38092 ||| STAIRDANCE
 38196 | Vaults:2 | 38196 ||| INVOKING Trog's Hand.
 38222 | Vaults:2 | 38222 ||| INVOKING Berserk.
 38236 | Vaults:2 | Reached skill level 18 in Armour
 38296 | Vaults:2 | Found a crumbling gateway.
 38297 | Vaults:2 | 38297 ||| Stepping ~*~*~tactically~*~*~ (hiding).
 38298 | Vaults:2 | 38298 ||| Stepping ~*~*~tactically~*~*~ (hiding).
 38345 | Vaults:2 | 38345 ||| Stepping ~*~*~tactically~*~*~ (stealth).
 38361 | Desolati | Entered the Desolation of Salt
 38608 | Desolati | 38608 ||| INVOKING Berserk.
 38646 | Desolati | 38646 ||| INVOKING Brothers in Arms.
 38984 | Desolati | 38984 ||| Stepping ~*~*~tactically~*~*~ (hiding).
 38986 | Desolati | 38986 ||| Stepping ~*~*~tactically~*~*~ (hiding).
 39124 | Desolati | 39124 ||| Stepping ~*~*~tactically~*~*~ (hiding).
 39244 | Desolati | 39244 ||| Stepping ~*~*~tactically~*~*~ (hiding).
 39359 | Desolati | Identified the +12 demon whip of Fedhas's Scorn {drain,
                  | Will+ Str+4}
 39425 | Desolati | Found the +0 pair of fencer's gloves {Riposte Dex+3}
 39427 | Desolati | 39427 ||| INVOKING Brothers in Arms.
 39428 | Desolati | 39428 ||| INVOKING Brothers in Arms.
 39429 | Desolati | 39429 ||| INVOKING Brothers in Arms.
 39431 | Desolati | 39431 ||| INVOKING Berserk.
 39465 | Desolati | Reached skill level 20 in Fighting
 39472 | Desolati | 39472 ||| INVOKING Brothers in Arms.
 39717 | Desolati | Identified the +5 halberd of the Transmuting Gods {distort,
                  | rCorr Int+2 Dex+4}
 39799 | Desolati | 39799 ||| INVOKING Berserk.
 39803 | Desolati | Reached skill level 21 in Shields
 40248 | Desolati | Identified the ring of the Nurturing Gods {rCorr EV+4 Str+4
                  | Int-5 Dex+10}
 40264 | Desolati | 40264 ||| Stepping ~*~*~tactically~*~*~ (hiding).
 40280 | Desolati | Received a gift from Trog
 40468 | Desolati | Reached XP level 19. HP: 185/185 MP: 16/16
 40780 | Desolati | 40780 ||| UPGRADING to +1 tower shield of reflection.
 40790 | Desolati | 40790 ||| DROPPING +0 tower shield.
 40791 | Desolati | 40791 ||| DROPPING amulet of guardian spirit.
 40792 | Desolati | 40792 ||| DROPPING ring of protection from fire.
 40793 | Desolati | 40793 ||| DROPPING +6 ring of strength.
 40794 | Desolati | 40794 ||| DROPPING ring of see invisible.
 40825 | Vaults:2 | 40825 ||| PLANNING VAULTS:1-4
 40837 | Vaults:2 | 40837 ||| READING scroll of enchant armour.
 40837 | Vaults:2 | 40837 ||| ENCHANTING +4 storm dragon scales {Bai Suzhen}.
 40863 | Vaults:2 | 40863 ||| INVOKING Brothers in Arms.
 40864 | Vaults:2 | 40864 ||| INVOKING Berserk.
 41001 | Vaults:2 | 41001 ||| Stepping ~*~*~tactically~*~*~ (stealth).
 41005 | Vaults:2 | 41005 ||| Stepping ~*~*~tactically~*~*~ (stealth).
 41069 | Vaults:2 | Identified the +7 battleaxe "Adetwimi" {venom, Str-3 Dex+7
                  | Stlth-}
 41090 | Vaults:2 | 41090 ||| Stepping ~*~*~tactically~*~*~ (hiding).
 41093 | Vaults:2 | 41093 ||| INVOKING Brothers in Arms.
 41094 | Vaults:2 | 41094 ||| INVOKING Brothers in Arms.
 41100 | Vaults:2 | 41100 ||| Stepping ~*~*~tactically~*~*~ (hiding).
 41103 | Vaults:2 | 41103 ||| INVOKING Berserk.
 41296 | Vaults:2 | 41296 ||| INVOKING Brothers in Arms.
 41313 | Vaults:2 | 41313 ||| INVOKING Trog's Hand.
 41328 | Vaults:2 | Reached skill level 21 in Fighting
 41336 | Vaults:2 | 41336 ||| Stepping ~*~*~tactically~*~*~ (hiding).
 41338 | Vaults:2 | 41338 ||| INVOKING Trog's Hand.
 41339 | Vaults:2 | 41339 ||| INVOKING Berserk.
 41432 | Vaults:2 | 41432 ||| Stepping ~*~*~tactically~*~*~ (stealth).
 41538 | Vaults:2 | 41538 ||| Stepping ~*~*~tactically~*~*~ (stealth).
 41554 | Vaults:2 | 41554 ||| Stepping ~*~*~tactically~*~*~ (stealth).
 41595 | Vaults:2 | Found a staircase to the Crypt.
 41739 | Vaults:2 | 41739 ||| Stepping ~*~*~tactically~*~*~ (stealth).
 41741 | Vaults:2 | 41741 ||| Stepping ~*~*~tactically~*~*~ (stealth).
 41918 | Vaults:2 | 41918 ||| Stepping ~*~*~tactically~*~*~ (stealth).
 42059 | Vaults:2 | 42059 ||| DROPPING +4 chain mail of poison resistance.
 42108 | Vaults:3 | 42108 ||| Stepping ~*~*~tactically~*~*~ (stealth).
 42193 | Vaults:3 | 42193 ||| Stepping ~*~*~tactically~*~*~ (hiding).
 42196 | Vaults:3 | 42196 ||| INVOKING Trog's Hand.
 42199 | Vaults:3 | 42199 ||| INVOKING Brothers in Arms.
 42204 | Vaults:3 | 42204 ||| INVOKING Berserk.
 42468 | Vaults:3 | 42468 ||| Stepping ~*~*~tactically~*~*~ (hiding).
 42472 | Vaults:3 | 42472 ||| INVOKING Trog's Hand.
 42515 | Vaults:3 | 42515 ||| Stepping ~*~*~tactically~*~*~ (hiding).
 42520 | Vaults:3 | Reached skill level 12 in Throwing
 42529 | Vaults:3 | 42529 ||| INVOKING Trog's Hand.
 42540 | Vaults:3 | 42540 ||| Stepping ~*~*~tactically~*~*~ (hiding).
 42617 | Vaults:3 | 42617 ||| Stepping ~*~*~tactically~*~*~ (hiding).
 42618 | Vaults:3 | 42618 ||| Stepping ~*~*~tactically~*~*~ (hiding).
 42675 | Vaults:3 | 42675 ||| Stepping ~*~*~tactically~*~*~ (hiding).
 42676 | Vaults:3 | 42676 ||| INVOKING Trog's Hand.
 42702 | Vaults:3 | Noticed Mennas
 42703 | Vaults:3 | 42703 ||| Stepping ~*~*~tactically~*~*~ (stealth).
 42704 | Vaults:3 | 42704 ||| INVOKING Brothers in Arms.
 42705 | Vaults:3 | 42705 ||| INVOKING Brothers in Arms.
 42706 | Vaults:3 | 42706 ||| INVOKING Berserk.
 42726 | Vaults:3 | Killed Mennas
 42879 | Vaults:3 | 42879 ||| INVOKING Trog's Hand.
 42882 | Vaults:3 | 42882 ||| Stepping ~*~*~tactically~*~*~ (hiding).
 42889 | Vaults:3 | 42889 ||| INVOKING Berserk.
 42925 | Vaults:3 | 42925 ||| Stepping ~*~*~tactically~*~*~ (stealth).
 43059 | Vaults:3 | Reached skill level 22 in Fighting
 43117 | Vaults:3 | 43117 ||| INVOKING Berserk.
 43243 | Vaults:3 | 43243 ||| Stepping ~*~*~tactically~*~*~ (hiding).
 43473 | Vaults:3 | 43473 ||| Stepping ~*~*~tactically~*~*~ (hiding).
 43476 | Vaults:3 | 43476 ||| Stepping ~*~*~tactically~*~*~ (hiding).
 43500 | Vaults:3 | 43500 ||| Stepping ~*~*~tactically~*~*~ (hiding).
 43732 | Vaults:3 | 43732 ||| Stepping ~*~*~tactically~*~*~ (hiding).
 43735 | Vaults:3 | 43735 ||| INVOKING Trog's Hand.
 43889 | Vaults:4 | Found Gozag's Antique Weapon Emporium.
 43890 | Vaults:4 | 43890 ||| INVOKING Berserk.
 44066 | Vaults:4 | Found an opulent altar of Gozag.
 44066 | Vaults:4 | Found Gozag's Antique Armour Shoppe.
 44074 | Vaults:4 | 44074 ||| Stepping ~*~*~tactically~*~*~ (hiding).
 44075 | Vaults:4 | 44075 ||| INVOKING Trog's Hand.
 44076 | Vaults:4 | Found Gozag's Antique Weapon Shoppe.
 44079 | Vaults:4 | 44079 ||| SHOPLISTING ichor-stained plate armour (2800
                  | gold, have 1017).
 44082 | Vaults:4 | 44082 ||| INVOKING Berserk.
 44262 | Vaults:4 | 44262 ||| INVOKING Berserk.
 44276 | Vaults:4 | Reached XP level 20. HP: 200/200 MP: 17/17
 44443 | Vaults:4 | 44443 ||| Stepping ~*~*~tactically~*~*~ (stealth).
 44505 | Vaults:4 | 44505 ||| Stepping ~*~*~tactically~*~*~ (hiding).
 44642 | Vaults:4 | Found Sycut's Book Emporium.
 44657 | Vaults:4 | 44657 ||| Stepping ~*~*~tactically~*~*~ (hiding).
 44691 | Vaults:4 | Reached skill level 12 in Dodging
 44957 | Vaults:4 | 44957 ||| Stepping ~*~*~tactically~*~*~ (stealth).
 45017 | Vaults:4 | 45017 ||| Stepping ~*~*~tactically~*~*~ (stealth).
 45215 | Vaults:4 | 45215 ||| FLEEEEING.
 45216 | Vaults:4 | 45216 ||| FLEEEEING.
 45217 | Vaults:4 | 45217 ||| FLEEEEING.
 45218 | Vaults:4 | 45218 ||| FLEEEEING.
 45219 | Vaults:4 | 45219 ||| FLEEEEING.
 45220 | Vaults:4 | 45220 ||| FLEEEEING.
 45306 | Vaults:4 | 45306 ||| INVOKING Trog's Hand.
 45320 | Vaults:4 | 45320 ||| INVOKING Trog's Hand.
 45416 | Vaults:4 | 45416 ||| READING scroll of enchant weapon.
 45416 | Vaults:4 | 45416 ||| ENCHANTING +6 broad axe of draining.
 45473 | Vaults:4 | 45473 ||| PLANNING SNAKE:4
 45819 | Snake:4  | Entered Level 4 of the Snake Pit
 45820 | Snake:4  | 45820 ||| Stepping ~*~*~tactically~*~*~ (hiding).
 46001 | Snake:4  | Identified the +7 war axe "Liaguurch" {vorpal, Str+2} (Trog
                  | gifted it to you on level 4 of the Snake Pit)
 46001 | Snake:4  | Received a gift from Trog
 46039 | Snake:4  | 46039 ||| Stepping ~*~*~tactically~*~*~ (hiding).
 46041 | Snake:4  | Found Nejeufug's Magic Scroll Emporium.
 46045 | Snake:4  | Found Fajacrix's Book Shoppe.
 46083 | Snake:4  | Found Joukelac's General Store.
 46086 | Snake:4  | 46086 ||| BUYING scroll of acquirement (780 gold).
 46086 | Snake:4  | Bought a scroll of acquirement for 780 gold pieces
 46086 | Snake:4  | 46086 ||| BUYING scroll of enchant weapon (112 gold).
 46086 | Snake:4  | Bought a scroll of enchant weapon for 112 gold pieces
 46086 | Snake:4  | 46086 ||| READING scroll of acquirement.
 46086 | Snake:4  | 46086 ||| ACQUIRING +6 broad axe of Famine {antimagic,
                  | rPois rC- Str+7}
 46086 | Snake:4  | Acquired the +6 broad axe of Famine {antimagic, rPois rC-
                  | Str+7}
 46088 | Snake:4  | 46088 ||| SWAPPING to +6 broad axe of Famine {antimagic,
                  | rPois rC- Str+7}.
 46089 | Snake:4  | 46089 ||| REMOVING ring of poison resistance.
 46090 | Snake:4  | 46090 ||| DROPPING +7 broad axe of draining.
 46095 | Snake:4  | 46095 ||| BUYING potion of curing (45 gold).
 46095 | Snake:4  | Bought a potion of curing for 45 gold pieces
 46111 | Snake:4  | Reached skill level 23 in Fighting
 46210 | Snake:4  | 46210 ||| Stepping ~*~*~tactically~*~*~ (hiding).
 46344 | Snake:4  | 46344 ||| Stepping ~*~*~tactically~*~*~ (hiding).
 46345 | Snake:4  | 46345 ||| Stepping ~*~*~tactically~*~*~ (hiding).
 46525 | Snake:4  | 46525 ||| Stepping ~*~*~tactically~*~*~ (hiding).
 46553 | Snake:4  | 46553 ||| INVOKING Berserk.
 46560 | Snake:4  | HP: 75/304 [poisoned by a naga ritualist (toxic radiance)]
 46560 | Snake:4  | HP: 26/304 [naga warrior/+0 battleaxe (34)]
 46562 | Snake:4  | HP: 11/304 [poisoned by a naga ritualist (toxic radiance)]
 46564 | Snake:4  | Killed from afar by a nagaraja

Levels and vault maps discovered:
D:1:      lightli_arrival_quake, layout_rooms
D:2:      layout_loops_ring, serial_aquarium, aquarium_bridge_long_joined
          [aquarium_subvault_bridge, aquarium_subvault_window,
          aquarium_subvault_window, aquarium_subvault_balcony,
          aquarium_subvault_wall, aquarium_subvault_balcony], aquarium_window_2,
          aquarium_window_1, aquarium_window_fake, aquarium_window_2,
          aquarium_view_2e, aquarium_pool_four, basic_altar, serial_shops,
          nicolae_shop_trees, minmay_misc_feat_five, minivault_5
D:3:      layout_rooms, lemuel_blue_sif_altar, gup_sewer_entry_glass,
          mrwooster_statue_mirror, hangedman_abyss_or_decor_stabs
D:4:      layout_rooms, chequers_arboretum, saegor_snake_ambush, uniq_eustachio
D:5:      layout_cave_pools, lemuel_crystal_altar,
          minmay_temple_entry_offerings, serial_rivers,
          chequers_serial_rivers_large_a, chequers_serial_rivers_small_a,
          chequers_serial_rivers_marsh, chequers_serial_rivers_micro_c,
          chequers_serial_rivers_micro_e
D:6:      layout_loops_ring, minmay_misc_feat_x
D:7:      layout_basic, grunt_temple_overflow_opulence,
          mainiacjoe_overflow_paths, nicolae_elemental_shop, minivault_25,
          uniq_maggie
D:8:      layout_basic, mainiacjoe_overflow_alcove_2,
          chequers_serial_rivers_large_b
D:9:      layout_basic, nicolae_overflow_quartered_altars, erik_lair_island
D:10:     lemuel_bear_cage, layout_rooms, uniq_maurice
D:11:     layout_roguey, portal_ice_cave_entry_imps, hellmonk_bongcloud_opening
D:12:     layout_loops_ring, zombieorc2_lemuel, nicolae_transporter_intersection
D:13:     layout_gridville, david_vaults_2, hellmonk_guarded_unrand_lears
D:14:     layout_gridville, kennysheep_flooded_box, nicolae_figureground_sparkle
D:15:     hangedman_depths_entry_try_elsewhere_first, layout_rooms,
          serial_shops, nicolae_shop_waterfront, serial_co_window_serial,
          co_window_paths_b, co_window_paths_a, co_window_corner_a,
          co_window_corner_a, co_window_paths_a, co_window_paths_a,
          co_window_unsneaky_path_d, co_window_broadway_b, co_window_corner_ca,
          co_window_sun, glass_columns_a, glass_columns_a, glass_columns_a,
          glass_columns_a, glass_columns_a, lemuel_nasty_fountain, uniq_louise
Lair:1:   layout_roguey, minivault_24, infiniplex_staircase_pool_2, uniq_sonja
Lair:2:   layout_gridlike, lemuel_fruit_fields, infiniplex_staircase_pool
Lair:3:   layout_hall_layers, nicolae_swamp_entry_splash_gauntlet,
          guppyfry_snake_entry_garden, uniq_kirke
Lair:4:   layout_cave_pods, slime_entry_1
Lair:5:   grunt_lair_end_beastmaster, layout_hall_layers,
          ebering_ghost_reflecting_pool
Swamp:1:  layout_falls_marsh, evilmike_swamp_ruin_rubble_2, swamp_pool5,
          nicolae_swamp_trees_clearing
Swamp:2:  layout_basic_swamp, nicolae_swamp_well_well_well, uniq_jorgrun,
          uniq_roxanne
Swamp:3:  layout_basic_swamp, hangedman_swamp_diagram, cheibrodos_swamp_minitomb
Swamp:4:  swamp_basic_johnstein, layout_basic_swamp, swamp_pool5,
          nicolae_swamp_necromancer_hut, uniq_bai_suzhen
Snake:1:  layout_cave_shapes, drop_trap, nicolae_large_snake_swirl,
          serial_bayou_shore_b
Snake:2:  layout_rooms, uniq_vashnia, uniq_azrael
Snake:3:  layout_cave_town, ebering_ghost_xom, minmay_shoptagon, uniq_agnes
Snake:4:  snake_pit, layout_gridlike, serial_shops, shop, minmay_shop_star
Orc:1:    layout_diamond_mine, lemuel_statue_altar
Orc:2:    st_orc_mages, layout_caves, gammafunk_ghost_necromancy,
          nicolae_orc_rockfall, nicolae_shop_firing_range
Vaults:1: vaults_dpeg_doors, hangedman_vaults_stretched_pinwheel,
          nicolae_vaults_windows_and_doors_thing, hangedman_vaults_stitches,
          vaults_room_corners, vaults_dpeg_hooks, layout_vaults_omnigrid
Vaults:2: portal_desolation_entry_nicolae_nacl,
          minmay_crypt_entry_skeletal_spiral, v_misc_18, v_pattern_4,
          hangedman_vaults_cutoff, nicolae_vaults_yaktaur_gun_rack,
          nicolae_vaults_bisected_exclaves, v_misc_11,
          nicolae_vaults_back_hallway, vaults_room_grid,
          nicolae_vaults_know_your_exits, vaults_room_semicircle,
          layout_vaults_omnicross, serial_shops,
          nicolae_shop_bloodbath_and_beyond
Vaults:3: grunt_vaults_focal, nicolae_vaults_twisting_passages,
          ontoclasm_vaults_loading_screen, vaults_room_pools, v_misc_25,
          v_misc_29, vaults_room_fancy_cross, ontoclasm_vaults_eye,
          hangedman_vaults_nails, nicolae_vaults_bisected_inception,
          vaults_dpeg_ring, vaults_mumra_hex, v_pattern_3, nicolae_vaults_theta,
          layout_vaults_omnibox, uniq_mennas
Vaults:4: nicolae_vaults_circle_grid_b, ontoclasm_vaults_fault, v_alt_pattern_4,
          v_misc_15, ontoclasm_vaults_claustrophobia,
          kennysheep_vaults_gozag_temple, nicolae_vaults_ring_of_whatevers,
          vaults_mumra_chevron_long, v_misc_4, ontoclasm_vaults_pinch,
          nicolae_vaults_little_squares_5, hangedman_vaults_impose,
          vaults_room_corners, ontoclasm_vaults_chip, v_misc_26,
          layout_vaults_maze_bifur, serial_shops, nicolae_shop_statue_plus

Skill      XL: |  1  2  3  4  5  6  7  8  9 10 11 12 13 14 15 16 17 18 19 20 |
---------------+-------------------------------------------------------------+-----
Axes           | 4 5 7 9 10 12 13 15 17 18 | 18.1
Fighting       | 4 6 7 9 10 12 13 15 17 19 20 22 23 | 23.0
Armour         | 3 4 5 7 8 10 12 14 16 17 19 20 | 20.3
Shields        | 5 10 12 14 15 16 17 18 19 20 21 | 21.9
Throwing       | 1 2 3 7 8 9 10 11 12 | 12.0
Dodging        | 3 4 5 6 7 8 9 10 11 12 | 12.0

Action                   |  1- 3 |  4- 6 |  7- 9 | 10-12 | 13-15 | 16-18 | 19-21 || total
-------------------------+-------+-------+-------+-------+-------+-------+-------++-------
Melee: Hand axe          |    72 |    91 |   188 |       |       |       |       ||   351
       Headbutt          |    10 |    10 |    29 |    51 |   177 |   240 |   202 ||   719
       Punch             |       |     2 |     1 |       |       |       |       ||     3
       Broad axe         |       |       |    36 |   342 |   770 |   968 |   709 ||  2825
       Flail             |       |       |       |       |    10 |       |       ||    10
       War axe           |       |       |       |       |    19 |    23 |       ||    42
Throw: Boomerang         |       |       |    26 |   109 |   118 |     9 |    10 ||   272
       Javelin           |       |       |       |       |    61 |    87 |    61 ||   209
Invok: Berserk           |       |     2 |     6 |    20 |    35 |    27 |    11 ||   101
       Trog's Hand       |       |       |       |     1 |     7 |     5 |    11 ||    24
       Brothers in Arms  |       |       |       |       |     6 |    10 |     5 ||    21
  Use: Scroll            |     8 |     1 |    13 |     7 |    12 |     5 |     3 ||    49
       Potion            |     2 |       |     2 |     6 |     6 |       |       ||    16
 Stab: Distracted        |       |       |       |       |     1 |       |     1 ||     2
Armor: Animal skin       |     2 |       |       |       |       |       |       ||     2
       Chain mail        |    23 |    38 |    71 |    17 |       |       |       ||   149
       Plate armour      |       |       |       |    55 |   240 |   224 |       ||   519
       Storm dragon scal |       |       |       |       |       |   108 |   128 ||   236
Dodge: Dodged            |    17 |    53 |    46 |    48 |   122 |   284 |   177 ||   747
Block: Tower shield      |       |       |    56 |   309 |   693 |  1132 |   635 ||  2825
       Reflection        |       |       |       |     5 |    49 |    75 |    61 ||   190

Table legend:
 A = Non-vault XP
 B = Vault XP
 C = Vault XP percentage of total XP
 D = Non-vault monster count
 E = Vault monster count
 F = Vault count percentage of total count
                 A         B        C        D         E       F
            +---------+---------+-------+---------+---------+-------
      Total |  298274 |  237749 |  44.4 |     872 |     525 |  37.6
            +---------+---------+-------+---------+---------+-------
        D:1 |      30 |       0 |   0.0 |      19 |       0 |   0.0
        D:2 |      16 |       0 |   0.0 |      11 |       0 |   0.0
        D:3 |      93 |      33 |  26.2 |      19 |       5 |  20.8
        D:4 |     174 |     198 |  53.2 |      16 |       2 |  11.1
        D:5 |     875 |       0 |   0.0 |      26 |       0 |   0.0
        D:6 |     604 |       0 |   0.0 |       8 |       0 |   0.0
        D:7 |     735 |     385 |  34.4 |      14 |       1 |   6.7
        D:8 |    2741 |       0 |   0.0 |      31 |       0 |   0.0
        D:9 |    3468 |     800 |  18.7 |      30 |       8 |  21.1
       D:10 |    2246 |     439 |  16.4 |      18 |       1 |   5.3
       D:11 |    2518 |     122 |   4.6 |      19 |      12 |  38.7
       D:12 |    7279 |     564 |   7.2 |      28 |      36 |  56.2
       D:13 |    5924 |    1670 |  22.0 |      19 |       4 |  17.4
       D:14 |    4666 |       0 |   0.0 |      13 |       0 |   0.0
       D:15 |   15259 |    3861 |  20.2 |      36 |       5 |  12.2
     Lair:1 |    3782 |     776 |  17.0 |      16 |       1 |   5.9
     Lair:2 |    8710 |       0 |   0.0 |      37 |       0 |   0.0
     Lair:3 |    4558 |    5247 |  53.5 |      22 |      15 |  40.5
     Lair:4 |   11397 |       0 |   0.0 |      30 |       0 |   0.0
     Lair:5 |    7815 |    6682 |  46.1 |      19 |      15 |  44.1
    Swamp:1 |    7357 |     406 |   5.2 |      13 |       3 |  18.8
    Swamp:2 |   15175 |    3220 |  17.5 |      26 |       2 |   7.1
    Swamp:3 |    8626 |    4174 |  32.6 |      15 |       7 |  31.8
    Swamp:4 |   16253 |   24254 |  59.9 |      29 |      38 |  56.7
    Snake:1 |   19284 |       0 |   0.0 |      40 |       0 |   0.0
    Snake:2 |   22419 |    7742 |  25.7 |      45 |      13 |  22.4
    Snake:3 |   21940 |    1442 |   6.2 |      39 |       1 |   2.5
    Snake:4 |   17277 |   11987 |  41.0 |      36 |      15 |  29.4
      Orc:1 |    4290 |       0 |   0.0 |      34 |       0 |   0.0
      Orc:2 |    6229 |    5764 |  48.1 |      44 |      50 |  53.2
   Vaults:1 |   16952 |   15013 |  47.0 |      23 |      22 |  48.9
   Vaults:2 |   14364 |   27065 |  65.3 |      28 |      41 |  59.4
   Vaults:3 |   21397 |   27303 |  56.1 |      31 |      28 |  47.5
   Vaults:4 |   23821 |   22410 |  48.5 |      38 |      26 |  40.6
      Sewer |       0 |     293 | 100.0 |       0 |      39 | 100.0
 Desolation |       0 |   65899 | 100.0 |       0 |     135 | 100.0
            +---------+---------+-------+---------+---------+-------
